 Dungeon Crawl Stone Soup version 0.30-a0-141-g30f27751c5 (webtiles) character file.

Game seed: 9079177224637875088

216062 qw the Severer (level 19, -3/124 HPs)
             Began as a Gargoyle Fighter on Sept 25, 2022.
             Was a High Priest of Okawaru.
             Killed from afar by Nikola (45 damage)
             ... with an arc of chain lightning
             ... on level 2 of the Vaults.
             The game lasted 00:18:03 (37802 turns).

qw the Severer (Gargoyle Fighter)                  Turns: 37802, Time: 00:18:04

Health: -3/124     AC: 56    Str: 27    XL:     19   Next: 4%
Magic:  22/26      EV: 20    Int: 17    God:    Okawaru [*****.]
Gold:   2610       SH: 30    Dex: 23    Spells: 18/18 levels left

rFire   . . .      SeeInvis .    s - +1 broad axe (freeze)
rCold   . . .      Faith    .    z - +0 tower shield
rNeg    + . .      Spirit   .    n - +10 plate armour of Huobar {Int+4 Dex+9}
rPois   inf        Reflect  +    (helmet restricted)
rElec   +          Harm     .    x - +2 cloak
rCorr   .          Rampage  .    l - +2 pair of gloves of the Purple Skies {Dex+6}
Will    ++...                    r - +0 pair of boots
Stlth   ..........               y - amulet of reflection
HPRegen 0.30/turn                C - +4 ring of protection
MPRegen 0.20/turn                k - +4 ring of evasion

@: heroic, finesse-ful, flying
A: sickness immunity, AC +14, big wings, negative energy resistance 1,
electricity resistance, torment resistance 1, petrification resistance, beak,
hooves 1, clever 1, strong-willed 1
}: 1/15 runes: barnacled
a: Renounce Religion, Heroism, Finesse, Duel


You were on level 2 of the Vaults.
You worshipped Okawaru.
Okawaru was extremely pleased with you.
You visited 7 branches of the dungeon, and saw 32 of its levels.

You collected 3764 gold pieces.
You spent 1154 gold pieces at shops.


Innate Abilities, Weirdness & Mutations

You are immune to sickness and miasma.
Your stone body is resilient. (AC +14)
You are immune to poison.
Your large and strong wings let you fly.
You resist negative energy. (rN+)
You are resistant to electric shocks. (rElec)
You are resistant to unholy torment.
You are immune to petrification.
You have a beak for a mouth.
You have large cloven feet.
Your mind is acute. (Int +4, Str/Dex -1)
You are strong-willed. (Will+)


   Skills:
 - Level 15.0(20.0) Fighting
 - Level 18.0(23.0) Axes
 - Level 8.0(13.0) Throwing
 + Level 13.5(18.5) Armour
 - Level 7.0(12.0) Dodging
 - Level 18.0(23.0) Shields
 - Level 10.0 Invocations


You had 18 spell levels left.
You didn't know any spells.
Your spell library was empty.

Inventory:

Hand Weapons
 s - a +1 broad axe of freezing (weapon)
Missiles
 c - 4 silver javelins
 e - 19 boomerangs
 g - 6 javelins (quivered)
 q - 6 silver boomerangs
Armour
 l - the +2 pair of gloves of the Purple Skies (worn) {Dex+6}
   (You acquired it on level 3 of the Dungeon)

   Dex:       It affects your dexterity (+6).
 n - the +10 plate armour of Huobar (worn) {Int+4 Dex+9}
   (Okawaru gifted it to you on level 2 of the Lair of Beasts)

   Int:       It affects your intelligence (+4).
   Dex:       It affects your dexterity (+9).
 r - a +0 pair of boots (worn)
 x - a +2 cloak (worn)
 z - a +0 tower shield (worn)
 A - the +1 ring mail of the Constellations {Drain rCorr Dex+3}
   (You took it off a red devil on level 12 of the Dungeon)

   Dex:       It affects your dexterity (+3).
   rCorr:     It protects you from acid and corrosion.
   Drain:     It drains your maximum health when unequipped.
Jewellery
 f - a ring of ice
 k - a +4 ring of evasion (right hand)
 y - an amulet of reflection (around neck)
 C - a +4 ring of protection (left hand)
 Y - a ring of protection from fire
Scrolls
 p - 13 scrolls of teleportation
 u - 8 scrolls of identify
Potions
 a - 3 potions of cancellation
 b - 3 potions of haste
 d - 3 potions of might
 h - 4 potions of attraction
 i - 18 potions of curing
 j - 8 potions of lignification
 o - 2 potions of mutation
 t - 2 potions of resistance
 w - 3 potions of heal wounds
 B - a potion of magic

Dungeon Overview and Level Annotations

Branches:
Dungeon (15/15)            Temple (1/1) D:7            Lair (5/5) D:11
 Shoals (4/4) Lair:3        Snake (3/4) Lair:3        Slime (0/5) Lair:4
    Orc (2/2) D:10            Elf (0/3) Orc:2        Vaults (2/5) D:14
 Depths (0/4) D:15
  Crypt: Vaults:2-3

Altars:
Ashenzari
Cheibriados
Dithmenos
Elyvilon
Fedhas
Gozag
Hepliaklqana
Kikubaaqudgha
Makhleb
Nemelex Xobeh
Okawaru
Qazlal
Ru
Sif Muna
Trog
Uskayaw
Vehumet
Wu Jian
Xom
Yredelemnul
Zin
The Shining One

Shops:
D:1 :   D:2 (!!((   D:10 *   D:11 [[(=   Orc:2 [:![[   Vaults:1 (

Portals:
Trove: Vaults:1 (give 6 potions of haste)

Annotations:
D:6 1 runed translucent door, Crazy Yiuf
D:13 3 runed translucent doors, Buchaag's ghost, novice MiMo; Dirphi Vium's ghost, journeyman MiBe; Kokhlaf's ghost, journeyman DECj; Liimbo's ghost, journeyman FoWn; Mebb's ghost, journeyman SpEn
Lair:5 1 runed translucent door
Shoals:1 3 runed translucent doors, Heezod's ghost, journeyman MiBe
Snake:2 1 runed translucent door, TuffENuff's ghost, adept FoFi
Vaults:2 Nikola


Message History

You barely miss Nikola.
Nikola is heavily wounded.
You barely miss Nikola. You peck Nikola.
Nikola is heavily wounded.
Nikola casts a spell at you. The bolt of lightning misses you.
You hit Nikola. You freeze Nikola. You peck Nikola.
Nikola is heavily wounded.
You barely miss Nikola.
Nikola is heavily wounded.
You slice Nikola!! You freeze Nikola. Your peck misses Nikola.
Nikola is severely wounded.
Nikola gestures at you while chanting. The bolt of lightning misses you.
You closely miss Nikola.
Nikola is severely wounded.
You slice Nikola!! You freeze Nikola.
Nikola is almost dead.
You barely miss Nikola. Your peck misses Nikola.
Nikola is almost dead.
Nikola mumbles some strange words.
Nikola blinks!
Nikola casts a spell at you. The bolt of lightning hits you! You resist.
Nikola gestures wildly while chanting.
Lightning arcs from Nikola's hands!
The bolt of lightning hits you! You resist.
A bolt of lightning appears from out of thin air!
The bolt of lightning hits Nikola.
Nikola drinks a potion.
Nikola seems to grow stronger.
You block Nikola's attack.
You barely miss Nikola.
Nikola is almost dead.
You hit Nikola but do no damage. You peck Nikola.
Nikola is almost dead.
You slash Nikola! You freeze Nikola.
Nikola is almost dead.
Nikola casts a spell.
Lightning arcs from Nikola's hands!
The bolt of lightning hits you!!! You resist.
You die...

####....##############'#
#....# #......# #....#
#......# #....# #......#
#....# #......# #....#
#......# #....# #......#
#....# #......# +...@#
#......# #...@# ########
#....# #....# ......#
.......# ........#
##......#


You could see Nikola (strong).

Vanquished Creatures
  Frances (D:12)
  Polyphemus (Shoals:4)
  Ilsuiw (Shoals:3)
  A nagaraja (Snake:2)
  A fire giant (D:15)
  A vault warden (Vaults:2)
  2 frost giants (Shoals:4)
  Louise (D:15)
  3 ironbound preservers
  4 ironbound thunderhulks
  Nessos (Orc:2)
  7 dire elephants
  Azrael (D:12)
  12 merfolk impalers
  An ettin (Orc:1)
  4 yaktaur captains
  A great orb of eyes (Vaults:2)
  5 merfolk javelineers
  A peacekeeper (Vaults:1)
  4 hydras
  A vault guard (Vaults:2)
  A salamander tyrant (Snake:3)
  4 anacondas
  12 centaur warriors
  5 ogre magi
  3 merfolk avatars
  7 boulder beetles
  3 merfolk aquamancers
  A catoblepas (Shoals:4)
  3 satyrs
  16 two-headed ogres
  A tengu warrior (D:14)
  An ironbound frostheart (Vaults:1)
  2 alligator snapping turtles (Shoals:3)
  12 death yaks
  3 naga warriors
  5 naga sharpshooters
  A sun demon (D:12)
  An orc high priest (Orc:1)
  A soul eater (D:12)
  2 shock serpents
  13 sea snakes
  2 salamander mystics
  2 sixfirhies (D:12)
  8 deep trolls
  7 skeletal warriors
  3 naga ritualists
  A glowing orange brain (Vaults:1)
  A wizard (D:14)
  3 lindwurms
  A deep elf archer (D:14)
  A necromancer (Vaults:2)
  A harpy (Shoals:4)
  An ironbound convoker (Vaults:2)
  2 orc knights
  11 cyclopes
  5 deep elf pyromancers
  3 oklob plants (Snake:3)
  A wolf spider (Lair:5)
  17 fauns
  7 mana vipers
  12 ugly things
  A salamander (shapeshifter) (D:12)
  9 salamanders
  24 manticores
  A frost giant skeleton (Vaults:2)
  6 naga magi
  10 elephants (Lair:3)
  A guardian serpent (Lair:5)
  24 black mambas
  5 torpor snails (Lair:5)
  Maurice (D:8)
  5 merfolk sirens
  3 vault sentinels
  A smoke demon (D:12)
  13 cane toads
  5 water nymphs
  4 gargoyles
  A kobold demonologist (D:14)
  5 komodo dragons
  An efreet (D:14)
  4 rime drakes
  2 freezing wraiths
  An unseen horror (D:12)
  10 yaktaurs
  5 tengu conjurers
  A red devil (D:12)
  3 polar bears
  25 merfolk
  6 wind drakes
  7 trolls
  10 hornets (Lair:5)
  4 tyrant leeches (Lair:5)
  3 meliai (D:15)
  6 dream sheep
  A raiju (shapeshifter) (D:15)
  8 snapping turtles
  An ettin zombie (Vaults:2)
  10 blink frogs
  19 slime creatures
  2 vampires (D:11)
  An ettin skeleton (Vaults:2)
  A shadow (D:12)
  7 water elementals
  11 wyverns
  2 wraiths (D:12)
  4 fire elementals (D:12)
  Grum (D:10)
  44 yaks
  4 basilisks
  4 vampire mosquitoes
  A basilisk (shapeshifter) (D:12)
  3 redbacks (Lair:5)
  A steam dragon (D:9)
  14 nagas
  2 acid dragons
  26 water moccasins
  4 hell hounds (D:12)
  2 sky beasts
  3 ice beasts
  10 orc warriors
  2 black bears (Lair:1)
  3 boggarts (D:15)
  10 centaurs
  26 ogres
  18 wolves
  4 kobold brigands
  7 bullfrogs
  6 scorpions
  5 necrophages
  8 wights (D:6)
  2 human simulacra
  15 killer bees
  6 howler monkeys
  4 electric eels (Snake:1)
  A lava snake (D:14)
  16 orc priests
  5 hounds
  A gnoll bouda (D:7)
  4 jellies
  8 iguanas
  17 orc wizards
  4 gnolls (D:7)
  7 adders
  A shadow imp (D:8)
  An ufetubus (Vaults:1)
  2 worms
  A dart slug (D:3)
  57 orcs
  5 ball pythons
  2 bats
  8 endoplasms
  2 giant cockroaches
  5 goblins
  10 hobgoblins
  5 jackals
  2 quokkas
  5 frilled lizards
  18 kobolds
  7 rats
943 creatures vanquished.

Vanquished Creatures (others)
  A deep elf pyromancer (D:12)
  6 demonic plants (D:12)
  32 fungi
  120 plants
159 creatures vanquished.

Grand Total: 1102 creatures vanquished

Notes
Turn   | Place    | Note
-------+----------+-------------------------------------------
     0 | D:1      | qw the Gargoyle Fighter began the quest for the Orb.
     0 | D:1      | Reached XP level 1. HP: 14/14 MP: 1/1
     0 | D:1      | 0 ||| qw: Version: 0.2-a-10-g399e6c4
     0 | D:1      | 0 ||| qw: Game counter: 114
     0 | D:1      | 0 ||| qw: Always use a shield: true
     0 | D:1      | 0 ||| qw: God list: Okawaru
     0 | D:1      | 0 ||| qw: Allow faded altars: false
     0 | D:1      | 0 ||| qw: Do Orc after D:15 true
     0 | D:1      | 0 ||| qw: Do second Lair branch before Depths: true
     0 | D:1      | 0 ||| qw: Lair rune preference: random
     0 | D:1      | 0 ||| qw: Plans: Normal, Zot:1-4, God:TSO, Crypt, Tomb,
                  | Pan, Slime:5, Hells, Abyss, Orb
     0 | D:1      | 0 ||| PLANNING D:1-11
     1 | D:1      | You fall into a shaft and drop 1 floor!
    64 | D:2      | Reached XP level 2. HP: 13/19 MP: 2/2
   308 | D:2      | Found Suoheyse's Antique Weapon Emporium.
   324 | D:2      | 324 ||| SHOPLISTING club (18 gold, have 8).
   324 | D:2      | 324 ||| SHOPLISTING whip (45 gold, have 8).
   374 | D:2      | Found Inkuerche's Distillery.
   391 | D:2      | 391 ||| SHOPLISTING 2 potions of heal wounds (140 gold,
                  | have 8).
   391 | D:2      | 391 ||| SHOPLISTING potion of curing (42 gold, have 8).
   391 | D:2      | 391 ||| SHOPLISTING potion of haste (140 gold, have 8).
   391 | D:2      | 391 ||| SHOPLISTING potion of heal wounds (70 gold, have
                  | 8).
   430 | D:2      | Found a blossoming altar of Fedhas.
   436 | D:2      | 436 ||| UPGRADING to +0 chain mail.
   446 | D:2      | 446 ||| DROPPING +0 scale mail.
   447 | D:2      | 447 ||| READING 3 scrolls labelled MACASEGIGUT.
   448 | D:2      | 448 ||| DROPPING 2 scrolls of fear.
   453 | D:2      | 453 ||| STAIRDANCE
   586 | D:1      | 586 ||| DROPPING +0 club.
   607 | D:1      | Reached skill level 3 in Axes
   691 | D:1      | Reached XP level 3. HP: 23/23 MP: 3/3
   852 | D:1      | Found Kyaczoh's Book Boutique.
  1035 | D:1      | 1035 ||| UPGRADING to ring of protection from fire.
  1036 | D:1      | 1036 ||| UPGRADING to +4 ring of evasion.
  1037 | D:1      | 1037 ||| READING scroll labelled QEMMUE OFEXUM.
  1041 | D:1      | 1041 ||| DRINKING 2 grey potions.
  1227 | D:2      | 1227 ||| Stepping ~*~*~tactically~*~*~ (stealth).
  1238 | D:2      | 1238 ||| Stepping ~*~*~tactically~*~*~ (stealth).
  1240 | D:2      | 1240 ||| Stepping ~*~*~tactically~*~*~ (hiding).
  1241 | D:2      | 1241 ||| Stepping ~*~*~tactically~*~*~ (hiding).
  1578 | D:2      | Found Saivocw's Distillery.
  1602 | D:2      | Reached XP level 4. HP: 10/28 MP: 4/4
  1859 | D:2      | Found Royfeb's Weapon Boutique.
  1989 | D:2      | 1989 ||| Stepping ~*~*~tactically~*~*~ (stealth).
  2028 | D:2      | Found Difoadom's Antique Weapon Shoppe.
  2304 | D:2      | 2304 ||| BUYING potion of curing (36 gold).
  2304 | D:2      | Bought a potion of curing for 36 gold pieces
  2304 | D:2      | 2304 ||| BUYING potion of curing (36 gold).
  2304 | D:2      | Bought a potion of curing for 36 gold pieces
  2304 | D:2      | 2304 ||| BUYING potion of curing (36 gold).
  2304 | D:2      | Bought a potion of curing for 36 gold pieces
  2304 | D:2      | 2304 ||| SHOPLISTING potion of haste (120 gold, have 0).
  2304 | D:2      | 2304 ||| SHOPLISTING potion of lignification (36 gold, have
                  | 0).
  2518 | D:3      | 2518 ||| STAIRDANCE
  2532 | D:3      | 2532 ||| STAIRDANCE
  2596 | D:3      | 2596 ||| Stepping ~*~*~tactically~*~*~ (hiding).
  2597 | D:3      | 2597 ||| Stepping ~*~*~tactically~*~*~ (hiding).
  2664 | D:3      | 2664 ||| Stepping ~*~*~tactically~*~*~ (stealth).
  2672 | D:3      | 2672 ||| Stepping ~*~*~tactically~*~*~ (stealth).
  2680 | D:3      | 2680 ||| Stepping ~*~*~tactically~*~*~ (stealth).
  2699 | D:3      | 2699 ||| Stepping ~*~*~tactically~*~*~ (stealth).
  2703 | D:3      | 2703 ||| Stepping ~*~*~tactically~*~*~ (stealth).
  2725 | D:3      | 2725 ||| Stepping ~*~*~tactically~*~*~ (stealth).
  2737 | D:3      | 2737 ||| DROPPING +0 whip.
  2888 | D:3      | 2888 ||| Stepping ~*~*~tactically~*~*~ (stealth).
  2891 | D:3      | 2891 ||| Stepping ~*~*~tactically~*~*~ (stealth).
  2904 | D:3      | Reached XP level 5. HP: 22/32 MP: 5/5
  3007 | D:3      | Found a white marble altar of Elyvilon.
  3008 | D:3      | Found a stormy altar of Qazlal.
  3009 | D:3      | 3009 ||| READING scroll labelled CASIONA ZOSK.
  3010 | D:3      | 3010 ||| READING scroll labelled FUYPIC IQUIGIE.
  3015 | D:3      | 3015 ||| READING scroll labelled HEUXTUITHRU.
  3016 | D:3      | 3016 ||| READING scroll of teleportation.
  3026 | D:3      | 3026 ||| Stepping randomly (stuck).
  3027 | D:3      | 3027 ||| Stepping randomly (stuck).
  3028 | D:3      | 3028 ||| Stepping randomly (stuck).
  3029 | D:3      | 3029 ||| Stepping randomly (stuck).
  3030 | D:3      | 3030 ||| Stepping randomly (stuck).
  3031 | D:3      | 3031 ||| Stepping randomly (stuck).
  3032 | D:3      | 3032 ||| Stepping randomly (stuck).
  3033 | D:3      | 3033 ||| Stepping randomly (stuck).
  3034 | D:3      | 3034 ||| Stepping randomly (stuck).
  3035 | D:3      | 3035 ||| Stepping randomly (stuck).
  3036 | D:3      | 3036 ||| Stepping randomly (stuck).
  3037 | D:3      | 3037 ||| Stepping randomly (stuck).
  3038 | D:3      | 3038 ||| Stepping randomly (stuck).
  3039 | D:3      | 3039 ||| Stepping randomly (stuck).
  3040 | D:3      | 3040 ||| Stepping randomly (stuck).
  3042 | D:3      | 3042 ||| Stepping randomly (stuck).
  3043 | D:3      | 3043 ||| Stepping randomly (stuck).
  3044 | D:3      | 3044 ||| Stepping randomly (stuck).
  3045 | D:3      | 3045 ||| Stepping randomly (stuck).
  3046 | D:3      | 3046 ||| Stepping randomly (stuck).
  3047 | D:3      | 3047 ||| Stepping randomly (stuck).
  3048 | D:3      | 3048 ||| Stepping randomly (stuck).
  3049 | D:3      | 3049 ||| Stepping randomly (stuck).
  3050 | D:3      | 3050 ||| Stepping randomly (stuck).
  3051 | D:3      | 3051 ||| Stepping randomly (stuck).
  3052 | D:3      | 3052 ||| Stepping randomly (stuck).
  3053 | D:3      | 3053 ||| Stepping randomly (stuck).
  3054 | D:3      | 3054 ||| Stepping randomly (stuck).
  3055 | D:3      | 3055 ||| Stepping randomly (stuck).
  3056 | D:3      | 3056 ||| Stepping randomly (stuck).
  3057 | D:3      | 3057 ||| Stepping randomly (stuck).
  3058 | D:3      | 3058 ||| Stepping randomly (stuck).
  3059 | D:3      | 3059 ||| Stepping randomly (stuck).
  3066 | D:3      | 3066 ||| Stepping randomly (stuck).
  3067 | D:3      | 3067 ||| Stepping randomly (stuck).
  3068 | D:3      | 3068 ||| Stepping randomly (stuck).
  3069 | D:3      | 3069 ||| Stepping randomly (stuck).
  3070 | D:3      | 3070 ||| Stepping randomly (stuck).
  3071 | D:3      | 3071 ||| Stepping randomly (stuck).
  3072 | D:3      | 3072 ||| Stepping randomly (stuck).
  3073 | D:3      | 3073 ||| Stepping randomly (stuck).
  3074 | D:3      | 3074 ||| Stepping randomly (stuck).
  3075 | D:3      | 3075 ||| Stepping randomly (stuck).
  3076 | D:3      | 3076 ||| Stepping randomly (stuck).
  3077 | D:3      | 3077 ||| Stepping randomly (stuck).
  3078 | D:3      | 3078 ||| Stepping randomly (stuck).
  3079 | D:3      | 3079 ||| Stepping randomly (stuck).
  3080 | D:3      | 3080 ||| Stepping randomly (stuck).
  3081 | D:3      | 3081 ||| Stepping randomly (stuck).
  3082 | D:3      | 3082 ||| Stepping randomly (stuck).
  3083 | D:3      | 3083 ||| Stepping randomly (stuck).
  3084 | D:3      | 3084 ||| Stepping randomly (stuck).
  3085 | D:3      | 3085 ||| Stepping randomly (stuck).
  3086 | D:3      | 3086 ||| Stepping randomly (stuck).
  3087 | D:3      | 3087 ||| Stepping randomly (stuck).
  3088 | D:3      | 3088 ||| Stepping randomly (stuck).
  3089 | D:3      | 3089 ||| Stepping randomly (stuck).
  3090 | D:3      | 3090 ||| Stepping randomly (stuck).
  3091 | D:3      | 3091 ||| Stepping randomly (stuck).
  3092 | D:3      | 3092 ||| Stepping randomly (stuck).
  3093 | D:3      | 3093 ||| Stepping randomly (stuck).
  3094 | D:3      | 3094 ||| Stepping randomly (stuck).
  3095 | D:3      | 3095 ||| Stepping randomly (stuck).
  3096 | D:3      | 3096 ||| Stepping randomly (stuck).
  3097 | D:3      | 3097 ||| Stepping randomly (stuck).
  3098 | D:3      | 3098 ||| Stepping randomly (stuck).
  3099 | D:3      | 3099 ||| Stepping randomly (stuck).
  3100 | D:3      | 3100 ||| Stepping randomly (stuck).
  3101 | D:3      | 3101 ||| Stepping randomly (stuck).
  3102 | D:3      | 3102 ||| Stepping randomly (stuck).
  3104 | D:3      | 3104 ||| Stepping randomly (stuck).
  3105 | D:3      | 3105 ||| Stepping randomly (stuck).
  3106 | D:3      | 3106 ||| Stepping randomly (stuck).
  3107 | D:3      | 3107 ||| Stepping randomly (stuck).
  3108 | D:3      | 3108 ||| Stepping randomly (stuck).
  3109 | D:3      | 3109 ||| Stepping randomly (stuck).
  3110 | D:3      | 3110 ||| Stepping randomly (stuck).
  3111 | D:3      | 3111 ||| Stepping randomly (stuck).
  3112 | D:3      | 3112 ||| Stepping randomly (stuck).
  3113 | D:3      | 3113 ||| Stepping randomly (stuck).
  3115 | D:3      | 3115 ||| Stepping randomly (stuck).
  3117 | D:3      | 3117 ||| Stepping randomly (stuck).
  3119 | D:3      | 3119 ||| Stepping randomly (stuck).
  3120 | D:3      | 3120 ||| Stepping randomly (stuck).
  3122 | D:3      | 3122 ||| Stepping randomly (stuck).
  3123 | D:3      | 3123 ||| Stepping randomly (stuck).
  3124 | D:3      | 3124 ||| Stepping randomly (stuck).
  3126 | D:3      | 3126 ||| Stepping randomly (stuck).
  3127 | D:3      | 3127 ||| Stepping randomly (stuck).
  3128 | D:3      | 3128 ||| Stepping randomly (stuck).
  3129 | D:3      | 3129 ||| Stepping randomly (stuck).
  3130 | D:3      | 3130 ||| Stepping randomly (stuck).
  3133 | D:3      | 3133 ||| Stepping randomly (stuck).
  3134 | D:3      | 3134 ||| Stepping randomly (stuck).
  3135 | D:3      | 3135 ||| Stepping randomly (stuck).
  3136 | D:3      | 3136 ||| Stepping randomly (stuck).
  3137 | D:3      | 3137 ||| Stepping randomly (stuck).
  3138 | D:3      | 3138 ||| Stepping randomly (stuck).
  3139 | D:3      | 3139 ||| Stepping randomly (stuck).
  3140 | D:3      | 3140 ||| Stepping randomly (stuck).
  3141 | D:3      | 3141 ||| Stepping randomly (stuck).
  3142 | D:3      | 3142 ||| Stepping randomly (stuck).
  3143 | D:3      | 3143 ||| Stepping randomly (stuck).
  3144 | D:3      | 3144 ||| Stepping randomly (stuck).
  3145 | D:3      | 3145 ||| Stepping randomly (stuck).
  3146 | D:3      | 3146 ||| Stepping randomly (stuck).
  3147 | D:3      | 3147 ||| Stepping randomly (stuck).
  3148 | D:3      | 3148 ||| Stepping randomly (stuck).
  3149 | D:3      | 3149 ||| Stepping randomly (stuck).
  3150 | D:3      | 3150 ||| Stepping randomly (stuck).
  3151 | D:3      | 3151 ||| Stepping randomly (stuck).
  3152 | D:3      | 3152 ||| Stepping randomly (stuck).
  3153 | D:3      | 3153 ||| Stepping randomly (stuck).
  3154 | D:3      | 3154 ||| Stepping randomly (stuck).
  3155 | D:3      | 3155 ||| Stepping randomly (stuck).
  3156 | D:3      | 3156 ||| Stepping randomly (stuck).
  3157 | D:3      | 3157 ||| Stepping randomly (stuck).
  3158 | D:3      | 3158 ||| Stepping randomly (stuck).
  3159 | D:3      | 3159 ||| Stepping randomly (stuck).
  3160 | D:3      | 3160 ||| Stepping randomly (stuck).
  3161 | D:3      | 3161 ||| Stepping randomly (stuck).
  3162 | D:3      | 3162 ||| Stepping randomly (stuck).
  3163 | D:3      | 3163 ||| Stepping randomly (stuck).
  3164 | D:3      | 3164 ||| Stepping randomly (stuck).
  3165 | D:3      | 3165 ||| Stepping randomly (stuck).
  3166 | D:3      | 3166 ||| Stepping randomly (stuck).
  3167 | D:3      | 3167 ||| Stepping randomly (stuck).
  3168 | D:3      | 3168 ||| Stepping randomly (stuck).
  3169 | D:3      | 3169 ||| Stepping randomly (stuck).
  3172 | D:3      | 3172 ||| Stepping randomly (stuck).
  3173 | D:3      | 3173 ||| Stepping randomly (stuck).
  3174 | D:3      | 3174 ||| Stepping randomly (stuck).
  3176 | D:3      | 3176 ||| Stepping randomly (stuck).
  3178 | D:3      | 3178 ||| Stepping randomly (stuck).
  3179 | D:3      | 3179 ||| Stepping randomly (stuck).
  3180 | D:3      | 3180 ||| Stepping randomly (stuck).
  3181 | D:3      | 3181 ||| Stepping randomly (stuck).
  3182 | D:3      | 3182 ||| Stepping randomly (stuck).
  3183 | D:3      | 3183 ||| Stepping randomly (stuck).
  3184 | D:3      | 3184 ||| Stepping randomly (stuck).
  3185 | D:3      | 3185 ||| Stepping randomly (stuck).
  3186 | D:3      | 3186 ||| Stepping randomly (stuck).
  3187 | D:3      | 3187 ||| Stepping randomly (stuck).
  3188 | D:3      | 3188 ||| Stepping randomly (stuck).
  3189 | D:3      | 3189 ||| Stepping randomly (stuck).
  3190 | D:3      | 3190 ||| Stepping randomly (stuck).
  3191 | D:3      | 3191 ||| Stepping randomly (stuck).
  3192 | D:3      | 3192 ||| Stepping randomly (stuck).
  3193 | D:3      | 3193 ||| Stepping randomly (stuck).
  3194 | D:3      | 3194 ||| Stepping randomly (stuck).
  3195 | D:3      | 3195 ||| Stepping randomly (stuck).
  3196 | D:3      | 3196 ||| Stepping randomly (stuck).
  3197 | D:3      | 3197 ||| Stepping randomly (stuck).
  3198 | D:3      | 3198 ||| Stepping randomly (stuck).
  3199 | D:3      | 3199 ||| Stepping randomly (stuck).
  3201 | D:3      | 3201 ||| Stepping randomly (stuck).
  3203 | D:3      | 3203 ||| Stepping randomly (stuck).
  3205 | D:3      | 3205 ||| Stepping randomly (stuck).
  3206 | D:3      | 3206 ||| Stepping randomly (stuck).
  3207 | D:3      | 3207 ||| Stepping randomly (stuck).
  3208 | D:3      | 3208 ||| Stepping randomly (stuck).
  3209 | D:3      | 3209 ||| Stepping randomly (stuck).
  3210 | D:3      | 3210 ||| Stepping randomly (stuck).
  3211 | D:3      | 3211 ||| Stepping randomly (stuck).
  3212 | D:3      | 3212 ||| Stepping randomly (stuck).
  3213 | D:3      | 3213 ||| Stepping randomly (stuck).
  3214 | D:3      | 3214 ||| Stepping randomly (stuck).
  3215 | D:3      | 3215 ||| Stepping randomly (stuck).
  3216 | D:3      | 3216 ||| Stepping randomly (stuck).
  3219 | D:3      | 3219 ||| Stepping randomly (stuck).
  3220 | D:3      | 3220 ||| Stepping randomly (stuck).
  3223 | D:3      | 3223 ||| Stepping randomly (stuck).
  3224 | D:3      | 3224 ||| Stepping randomly (stuck).
  3226 | D:3      | 3226 ||| Stepping randomly (stuck).
  3227 | D:3      | 3227 ||| Stepping randomly (stuck).
  3228 | D:3      | 3228 ||| Stepping randomly (stuck).
  3229 | D:3      | 3229 ||| Stepping randomly (stuck).
  3230 | D:3      | 3230 ||| Stepping randomly (stuck).
  3355 | D:3      | 3355 ||| Stepping ~*~*~tactically~*~*~ (stealth).
  3356 | D:3      | 3356 ||| Stepping ~*~*~tactically~*~*~ (stealth).
  3364 | D:3      | 3364 ||| Stepping ~*~*~tactically~*~*~ (hiding).
  3378 | D:3      | Reached XP level 6. HP: 15/38 MP: 6/6
  3378 | D:3      | 3378 ||| FLEEEEING.
  3380 | D:3      | 3380 ||| FLEEEEING.
  3381 | D:3      | 3381 ||| FLEEEEING.
  3382 | D:3      | 3382 ||| FLEEEEING.
  3383 | D:3      | 3383 ||| FLEEEEING.
  3384 | D:3      | 3384 ||| FLEEEEING.
  3385 | D:3      | 3385 ||| FLEEEEING.
  3386 | D:3      | 3386 ||| FLEEEEING.
  3387 | D:3      | 3387 ||| FLEEEEING.
  3390 | D:3      | 3390 ||| FLEEEEING.
  3391 | D:3      | 3391 ||| FLEEEEING.
  3392 | D:3      | 3392 ||| FLEEEEING.
  3393 | D:3      | 3393 ||| FLEEEEING.
  3394 | D:3      | 3394 ||| FLEEEEING.
  3395 | D:3      | 3395 ||| STAIRDANCE
  3571 | D:3      | 3571 ||| STAIRDANCE
  3603 | D:3      | 3603 ||| STAIRDANCE
  3643 | D:3      | 3643 ||| Stepping ~*~*~tactically~*~*~ (hiding).
  3645 | D:3      | 3645 ||| Stepping ~*~*~tactically~*~*~ (hiding).
  3648 | D:3      | 3648 ||| Stepping ~*~*~tactically~*~*~ (stealth).
  3745 | D:3      | Found a glowing silver altar of Zin.
  3756 | D:3      | Found a basalt altar of Yredelemnul.
  3756 | D:3      | Found a broken altar of Ashenzari.
  3759 | D:3      | Found an ancient bone altar of Kikubaaqudgha.
  3759 | D:3      | Found a sacrificial altar of Ru.
  3777 | D:3      | Found an ornate altar of the Wu Jian Council.
  3777 | D:3      | Found a snail-covered altar of Cheibriados.
  3977 | D:4      | 3977 ||| Stepping ~*~*~tactically~*~*~ (hiding).
  3993 | D:4      | HP: 9/38 [orc priest/divine providence (10)]
  4323 | D:4      | Reached skill level 6 in Axes
  4380 | D:4      | Reached skill level 1 in Dodging
  4380 | D:4      | Reached XP level 7. HP: 43/43 MP: 7/7
  4676 | D:4      | 4676 ||| DROPPING +0 flail.
  4718 | D:4      | 4718 ||| Stepping ~*~*~tactically~*~*~ (hiding).
  4719 | D:4      | 4719 ||| Stepping ~*~*~tactically~*~*~ (hiding).
  4762 | D:4      | 4762 ||| FLEEEEING.
  4763 | D:4      | 4763 ||| FLEEEEING.
  4764 | D:4      | 4764 ||| FLEEEEING.
  4765 | D:4      | 4765 ||| FLEEEEING.
  4766 | D:4      | 4766 ||| FLEEEEING.
  4767 | D:4      | 4767 ||| FLEEEEING.
  4768 | D:4      | 4768 ||| FLEEEEING.
  4769 | D:4      | 4769 ||| FLEEEEING.
  4770 | D:4      | 4770 ||| FLEEEEING.
  4784 | D:4      | 4784 ||| FLEEEEING.
  4806 | D:4      | 4806 ||| FLEEEEING.
  4807 | D:4      | 4807 ||| FLEEEEING.
  4809 | D:4      | 4809 ||| FLEEEEING.
  4810 | D:4      | 4810 ||| FLEEEEING.
  4812 | D:4      | 4812 ||| STAIRDANCE
  4863 | D:3      | 4863 ||| DROPPING ring of wizardry.
  4864 | D:3      | 4864 ||| READING scroll labelled MEUSSO SALEGU.
  4865 | D:3      | 4865 ||| READING scroll labelled VUKLYL SEOPSI.
  4865 | D:3      | Identified a scroll of acquirement
  4865 | D:3      | 4865 ||| ACQUIRING +2 pair of gloves of the Purple Skies
                  | {Dex+6}
  4865 | D:3      | Acquired the +2 pair of gloves of the Purple Skies {Dex+6}
  4867 | D:3      | 4867 ||| UPGRADING to +2 pair of gloves of the Purple Skies
                  | {Dex+6}.
  4927 | D:4      | 4927 ||| READING scroll labelled DAWAGEW IRARPH.
  4928 | D:4      | 4928 ||| DRINKING 2 sedimented dark potions.
  4928 | D:4      | Gained mutation: You are strong-willed. (Will+) [potion of
                  | mutation]
  4928 | D:4      | Gained mutation: You have large cloven feet. [potion of
                  | mutation]
  4928 | D:4      | Gained mutation: Your mind is acute. (Int +4, Str/Dex -1)
                  | [potion of mutation]
  4928 | D:4      | Gained mutation: You have a beak for a mouth. [potion of
                  | mutation]
  4988 | D:5      | Entered Level 5 of the Dungeon
  5096 | D:5      | 5096 ||| Stepping ~*~*~tactically~*~*~ (stealth).
  5105 | D:5      | 5105 ||| Stepping ~*~*~tactically~*~*~ (stealth).
  5118 | D:5      | Reached XP level 8. HP: 49/49 MP: 8/8
  5179 | D:5      | 5179 ||| Stepping ~*~*~tactically~*~*~ (stealth).
  5180 | D:5      | 5180 ||| Stepping ~*~*~tactically~*~*~ (stealth).
  5190 | D:5      | Reached skill level 1 in Throwing
  5387 | D:5      | Found a sparkling altar of Nemelex Xobeh.
  5536 | D:5      | Found a hazy altar of Hepliaklqana.
  5556 | D:5      | 5556 ||| READING scroll labelled VOMIOJ KASCHI.
  5589 | D:6      | 5589 ||| Stepping ~*~*~tactically~*~*~ (stealth).
  5594 | D:6      | 5594 ||| Stepping ~*~*~tactically~*~*~ (stealth).
  5603 | D:6      | 5603 ||| Stepping ~*~*~tactically~*~*~ (stealth).
  5868 | D:6      | 5868 ||| Stepping ~*~*~tactically~*~*~ (stealth).
  5872 | D:6      | 5872 ||| Stepping ~*~*~tactically~*~*~ (stealth).
  5881 | D:6      | Reached skill level 6 in Fighting
  5889 | D:6      | 5889 ||| Stepping ~*~*~tactically~*~*~ (stealth).
  5936 | D:6      | 5936 ||| Stepping ~*~*~tactically~*~*~ (hiding).
  5966 | D:6      | 5966 ||| Stepping ~*~*~tactically~*~*~ (stealth).
  5991 | D:6      | 5991 ||| Stepping ~*~*~tactically~*~*~ (stealth).
  5992 | D:6      | 5992 ||| Stepping ~*~*~tactically~*~*~ (stealth).
  6037 | D:6      | Reached XP level 9. HP: 55/55 MP: 9/9
  6063 | D:6      | 6063 ||| Stepping ~*~*~tactically~*~*~ (stealth).
  6073 | D:6      | Reached skill level 9 in Axes
  6438 | D:6      | Found a runed translucent door.
  6439 | D:6      | Noticed Crazy Yiuf
  6442 | D:6      | 6442 ||| READING 2 scrolls labelled ABLUSORHIE.
  6443 | D:6      | 6443 ||| READING scroll labelled NITINLOCLISK.
  6444 | D:6      | 6444 ||| READING scroll labelled ADIZAC CAFUPOTT.
  6445 | D:6      | 6445 ||| DRINKING 2 fuming coppery potions.
  6446 | D:6      | 6446 ||| DRINKING 2 orange potions.
  6447 | D:6      | 6447 ||| READING 2 scrolls of identify.
  6447 | D:6      | 6447 ||| IDENTIFYING murky ruby potion
  6448 | D:6      | 6448 ||| DROPPING potion of magic.
  6449 | D:6      | 6449 ||| DROPPING potion of brilliance.
  6450 | D:6      | 6450 ||| DROPPING scroll of poison.
  6490 | D:7      | 6490 ||| FLEEEEING.
  6491 | D:7      | 6491 ||| STAIRDANCE
  7019 | D:7      | Found a staircase to the Ecumenical Temple.
  7020 | D:7      | 7020 ||| PLANNING TEMPLE
  7020 | D:7      | 7020 ||| READING scroll labelled RAPPIT AMYPH.
  7083 | D:7      | 7083 ||| READING scroll labelled KEZEIT FIOLAD.
  7092 | Temple   | Entered the Ecumenical Temple
  7093 | Temple   | 7093 ||| PLANNING OKAWARU WORSHIP
  7170 | Temple   | Became a worshipper of Warmaster Okawaru
  7171 | Temple   | 7171 ||| PLANNING D:1-11
  7469 | D:7      | 7469 ||| READING scroll labelled NUIKIBL FEXTE.
  7620 | D:8      | 7620 ||| Stepping ~*~*~tactically~*~*~ (hiding).
  7629 | D:8      | 7629 ||| Stepping ~*~*~tactically~*~*~ (hiding).
  7759 | D:8      | 7759 ||| Stepping ~*~*~tactically~*~*~ (hiding).
  7906 | D:8      | 7906 ||| Stepping ~*~*~tactically~*~*~ (hiding).
  8156 | D:8      | Noticed Maurice
  8189 | D:8      | Killed Maurice
  8189 | D:8      | Reached * piety under Okawaru
  8448 | D:8      | Reached skill level 1 in Invocations
  8448 | D:8      | Reached XP level 10. HP: 51/63 MP: 10/10
  8764 | D:8      | 8764 ||| DROPPING +1 whip of venom.
  8783 | D:8      | 8783 ||| UPGRADING to +0 cloak.
  8788 | D:8      | 8788 ||| UPGRADING to +0 pair of boots.
  8793 | D:8      | 8793 ||| DROPPING amulet of faith.
  8849 | D:7      | Reached skill level 6 in Armour
  8852 | D:7      | 8852 ||| INVOKING Heroism.
  8863 | D:7      | Reached ** piety under Okawaru
  8930 | D:7      | 8930 ||| INVOKING Heroism.
  8935 | D:7      | Reached skill level 3 in Invocations
  8977 | D:7      | Noticed a catoblepas
  8978 | D:7      | 8978 ||| Stepping ~*~*~tactically~*~*~ (stealth).
  8980 | D:7      | 8980 ||| Stepping ~*~*~tactically~*~*~ (hiding).
  8986 | D:7      | 8986 ||| INVOKING Heroism.
  8998 | D:7      | HP: 13/64 [catoblepas (23)]
  8999 | D:7      | 8999 ||| READING scroll of teleportation.
  9419 | D:7      | 9419 ||| INVOKING Heroism.
  9475 | D:7      | Noticed a cyclops
  9476 | D:7      | 9476 ||| Stepping ~*~*~tactically~*~*~ (stealth).
  9479 | D:7      | 9479 ||| INVOKING Heroism.
  9499 | D:7      | Killed a cyclops
  9720 | D:9      | 9720 ||| INVOKING Heroism.
  9883 | D:9      | 9883 ||| INVOKING Heroism.
  9885 | D:9      | 9885 ||| Stepping ~*~*~tactically~*~*~ (hiding).
  9904 | D:9      | 9904 ||| SWAPPING to +0 war axe of venom.
  9924 | D:9      | 9924 ||| INVOKING Heroism.
  9960 | D:9      | 9960 ||| INVOKING Heroism.
 10000 | D:9      | 10000 ||| Stepping ~*~*~tactically~*~*~ (stealth).
 10014 | D:9      | 10014 ||| Stepping ~*~*~tactically~*~*~ (stealth).
 10070 | D:9      | 10070 ||| Stepping ~*~*~tactically~*~*~ (stealth).
 10072 | D:9      | 10072 ||| INVOKING Heroism.
 10095 | D:9      | Reached *** piety under Okawaru
 10104 | D:9      | 10104 ||| INVOKING Heroism.
 10115 | D:9      | Reached skill level 9 in Fighting
 10117 | D:9      | Reached XP level 11. HP: 48/71 MP: 12/14
 10168 | D:9      | 10168 ||| INVOKING Heroism.
 10420 | D:9      | Noticed a cyclops
 10420 | D:9      | Noticed a wolf spider
 10421 | D:9      | Noticed a two-headed ogre
 10422 | D:9      | Noticed a deep elf pyromancer
 10423 | D:9      | Noticed a tengu warrior
 10510 | D:9      | 10510 ||| READING 2 scrolls of identify.
 10510 | D:9      | 10510 ||| IDENTIFYING yellow potion
 10511 | D:9      | 10511 ||| DROPPING potion of berserk rage.
 10531 | D:9      | 10531 ||| Stepping ~*~*~tactically~*~*~ (stealth).
 10557 | D:10     | Entered Level 10 of the Dungeon
 10641 | D:10     | 10641 ||| Stepping ~*~*~tactically~*~*~ (stealth).
 10646 | D:10     | 10646 ||| Stepping ~*~*~tactically~*~*~ (hiding).
 10647 | D:10     | 10647 ||| Stepping ~*~*~tactically~*~*~ (stealth).
 10655 | D:10     | 10655 ||| INVOKING Heroism.
 10821 | D:10     | Found a staircase to the Orcish Mines.
 10998 | D:10     | Noticed a manticore
 10999 | D:10     | 10999 ||| Stepping ~*~*~tactically~*~*~ (hiding).
 11002 | D:10     | 11002 ||| INVOKING Heroism.
 11005 | D:10     | Killed a manticore
 11041 | D:10     | Found Kisaep's Neck Hole.
 11050 | D:10     | 11050 ||| BUYING +2 cloak (214 gold).
 11050 | D:10     | Bought a +2 cloak for 214 gold pieces
 11050 | D:10     | 11050 ||| BUYING amulet of reflection (390 gold).
 11050 | D:10     | Bought an amulet of reflection for 390 gold pieces
 11050 | D:10     | 11050 ||| SHOPLISTING scarf of resistance (416 gold, have
                  | 178).
 11292 | D:10     | 11292 ||| Stepping ~*~*~tactically~*~*~ (stealth).
 11295 | D:10     | Noticed Grum
 11296 | D:10     | 11296 ||| INVOKING Heroism.
 11306 | D:10     | Killed Grum
 11393 | D:10     | Found a glowing golden altar of the Shining One.
 11505 | D:10     | 11505 ||| UPGRADING to +2 cloak.
 11515 | D:10     | 11515 ||| DROPPING +0 cloak.
 11516 | D:10     | 11516 ||| UPGRADING to amulet of reflection.
 11521 | D:10     | 11521 ||| DRINKING 2 blue potions.
 11522 | D:10     | 11522 ||| DROPPING potion of degeneration.
 11540 | D:11     | Found Ugayhei's Antique Armour Shop.
 11545 | D:11     | 11545 ||| BUYING pair of embroidered gloves (172 gold).
 11545 | D:11     | Bought a pair of embroidered gloves for 172 gold pieces
 11545 | D:11     | 11545 ||| SHOPLISTING plate armour (529 gold, have 31).
 11545 | D:11     | 11545 ||| SHOPLISTING polished chain mail (218 gold, have
                  | 31).
 11661 | D:11     | Received a gift from Okawaru
 11744 | D:11     | Found Ofedoir's Weapon Emporium.
 11756 | D:11     | Noticed a two-headed ogre
 11757 | D:11     | 11757 ||| INVOKING Heroism.
 11767 | D:11     | Killed a two-headed ogre
 11922 | D:11     | Noticed a boulder beetle
 11923 | D:11     | 11923 ||| INVOKING Heroism.
 11935 | D:11     | Killed a boulder beetle
 11936 | D:11     | Reached skill level 12 in Axes
 12045 | D:11     | Noticed a cyclops
 12046 | D:11     | 12046 ||| FLEEEEING.
 12047 | D:11     | 12047 ||| FLEEEEING.
 12048 | D:11     | 12048 ||| FLEEEEING.
 12049 | D:11     | 12049 ||| FLEEEEING.
 12050 | D:11     | 12050 ||| FLEEEEING.
 12051 | D:11     | 12051 ||| FLEEEEING.
 12052 | D:11     | 12052 ||| FLEEEEING.
 12053 | D:11     | 12053 ||| FLEEEEING.
 12054 | D:11     | 12054 ||| FLEEEEING.
 12055 | D:11     | 12055 ||| FLEEEEING.
 12056 | D:11     | 12056 ||| FLEEEEING.
 12072 | D:11     | 12072 ||| FLEEEEING.
 12073 | D:11     | 12073 ||| FLEEEEING.
 12093 | D:11     | 12093 ||| FLEEEEING.
 12094 | D:11     | 12094 ||| FLEEEEING.
 12095 | D:11     | 12095 ||| FLEEEEING.
 12096 | D:11     | 12096 ||| FLEEEEING.
 12097 | D:11     | 12097 ||| FLEEEEING.
 12098 | D:11     | 12098 ||| FLEEEEING.
 12099 | D:11     | 12099 ||| FLEEEEING.
 12100 | D:11     | 12100 ||| FLEEEEING.
 12101 | D:11     | 12101 ||| FLEEEEING.
 12102 | D:11     | 12102 ||| FLEEEEING.
 12103 | D:11     | 12103 ||| FLEEEEING.
 12115 | D:11     | 12115 ||| INVOKING Heroism.
 12123 | D:11     | Killed a cyclops
 12123 | D:11     | Reached **** piety under Okawaru
 12124 | D:11     | Reached skill level 6 in Shields
 12147 | D:11     | 12147 ||| Stepping ~*~*~tactically~*~*~ (stealth).
 12148 | D:11     | 12148 ||| Stepping ~*~*~tactically~*~*~ (stealth).
 12257 | D:11     | 12257 ||| INVOKING Heroism.
 12279 | D:11     | 12279 ||| INVOKING Heroism.
 12371 | D:11     | 12371 ||| INVOKING Heroism.
 12372 | D:11     | Found Guratreu's Jewellery Emporium.
 12446 | D:11     | 12446 ||| SHOPLISTING +4 ring of slaying (1014 gold, have
                  | 58).
 12446 | D:11     | 12446 ||| SHOPLISTING ring of ice (325 gold, have 58).
 12446 | D:11     | 12446 ||| SHOPLISTING ring of see invisible (195 gold, have
                  | 58).
 12501 | D:11     | Noticed a two-headed ogre
 12502 | D:11     | 12502 ||| INVOKING Heroism.
 12511 | D:11     | 12511 ||| Stepping ~*~*~tactically~*~*~ (hiding).
 12512 | D:11     | 12512 ||| Stepping ~*~*~tactically~*~*~ (hiding).
 12515 | D:11     | 12515 ||| Stepping ~*~*~tactically~*~*~ (hiding).
 12516 | D:11     | 12516 ||| Stepping ~*~*~tactically~*~*~ (hiding).
 12518 | D:11     | Killed a two-headed ogre
 12519 | D:11     | Reached skill level 3 in Dodging
 12636 | D:11     | 12636 ||| DROPPING +1 flail of holy wrath.
 12642 | D:11     | Found Wek Larph's Armour Shop.
 12650 | D:11     | 12650 ||| SHOPLISTING +0 cloak of the Boiling Point {rF++
                  | Regen+} (435 gold, have 58).
 12650 | D:11     | 12650 ||| SHOPLISTING +2 chain mail of positive energy (277
                  | gold, have 58).
 12650 | D:11     | 12650 ||| SHOPLISTING +9 plate armour of Watchfulness
                  | {Str+6} (1314 gold, have 58).
 12771 | D:11     | Found a staircase to the Lair.
 12773 | D:11     | 12773 ||| INVOKING Heroism.
 12793 | D:11     | Reached ***** piety under Okawaru
 12794 | D:11     | Reached skill level 6 in Invocations
 12823 | D:11     | 12823 ||| PLANNING LAIR
 12823 | D:11     | 12823 ||| DROPPING +0 pair of gloves of strength.
 12824 | D:11     | 12824 ||| READING 2 scrolls of identify.
 12824 | D:11     | 12824 ||| IDENTIFYING green potion
 12825 | D:11     | 12825 ||| DROPPING potion of ambrosia.
 12851 | Lair:1   | Entered Level 1 of the Lair of Beasts
 13039 | Lair:1   | 13039 ||| INVOKING Heroism.
 13064 | Lair:1   | Reached XP level 12. HP: 76/76 MP: 15/17
 13150 | Lair:1   | 13150 ||| INVOKING Heroism.
 13193 | Lair:1   | 13193 ||| Stepping ~*~*~tactically~*~*~ (stealth).
 13194 | Lair:1   | 13194 ||| INVOKING Heroism.
 13199 | Lair:1   | 13199 ||| Stepping ~*~*~tactically~*~*~ (stealth).
 13200 | Lair:1   | 13200 ||| Stepping ~*~*~tactically~*~*~ (stealth).
 13201 | Lair:1   | 13201 ||| Stepping ~*~*~tactically~*~*~ (stealth).
 13202 | Lair:1   | 13202 ||| Stepping ~*~*~tactically~*~*~ (stealth).
 13644 | Lair:1   | 13644 ||| DROPPING +2 scale mail of poison resistance.
 13645 | Lair:1   | 13645 ||| DROPPING ring of magical power.
 13646 | Lair:1   | 13646 ||| READING 3 scrolls of identify.
 13646 | Lair:1   | 13646 ||| IDENTIFYING fuming green potion
 13647 | Lair:1   | 13647 ||| READING 2 scrolls of identify.
 13647 | Lair:1   | 13647 ||| IDENTIFYING viscous puce potion
 13648 | Lair:1   | 13648 ||| DROPPING potion of flight.
 13872 | Lair:2   | 13872 ||| Stepping ~*~*~tactically~*~*~ (stealth).
 13978 | Lair:2   | 13978 ||| INVOKING Heroism.
 13984 | Lair:2   | Received a gift from Okawaru
 14066 | Lair:2   | 14066 ||| Stepping ~*~*~tactically~*~*~ (stealth).
 14067 | Lair:2   | 14067 ||| INVOKING Heroism.
 14070 | Lair:2   | 14070 ||| Stepping ~*~*~tactically~*~*~ (stealth).
 14252 | Lair:2   | 14252 ||| Stepping ~*~*~tactically~*~*~ (stealth).
 14253 | Lair:2   | 14253 ||| INVOKING Heroism.
 14260 | Lair:2   | Reached skill level 9 in Invocations
 14291 | Lair:2   | 14291 ||| INVOKING Heroism.
 14513 | Lair:2   | Identified the +10 plate armour of Huobar {Int+4 Dex+9}
                  | (Okawaru gifted it to you on level 2 of the Lair of Beasts)
 14513 | Lair:2   | Received a gift from Okawaru
 14617 | Lair:2   | 14617 ||| INVOKING Heroism.
 15178 | Lair:2   | 15178 ||| UPGRADING to +10 plate armour of Huobar {Int+4
                  | Dex+9}.
 15188 | Lair:2   | 15188 ||| DROPPING +0 chain mail.
 15189 | Lair:2   | 15189 ||| DROPPING amulet of guardian spirit.
 15235 | Lair:3   | 15235 ||| Stepping ~*~*~tactically~*~*~ (stealth).
 15238 | Lair:3   | 15238 ||| Stepping ~*~*~tactically~*~*~ (stealth).
 15243 | Lair:3   | 15243 ||| INVOKING Heroism.
 15293 | Lair:3   | 15293 ||| Stepping ~*~*~tactically~*~*~ (stealth).
 15295 | Lair:3   | 15295 ||| INVOKING Heroism.
 15296 | Lair:3   | 15296 ||| Stepping ~*~*~tactically~*~*~ (stealth).
 15321 | Lair:3   | Reached skill level 9 in Armour
 15324 | Lair:3   | 15324 ||| Stepping ~*~*~tactically~*~*~ (stealth).
 15335 | Lair:3   | Reached XP level 13. HP: 55/82 MP: 20/20
 15719 | Lair:3   | Found a staircase to the Shoals.
 15746 | Lair:3   | 15746 ||| INVOKING Heroism.
 15747 | Lair:3   | 15747 ||| Stepping ~*~*~tactically~*~*~ (stealth).
 15749 | Lair:3   | 15749 ||| Stepping ~*~*~tactically~*~*~ (stealth).
 15753 | Lair:3   | 15753 ||| Stepping ~*~*~tactically~*~*~ (stealth).
 15853 | Lair:3   | 15853 ||| INVOKING Heroism.
 15887 | Lair:3   | Found a staircase to the Snake Pit.
 15954 | Lair:3   | 15954 ||| INVOKING Heroism.
 15996 | Lair:3   | 15996 ||| READING scroll of enchant weapon.
 15996 | Lair:3   | 15996 ||| ENCHANTING +0 war axe of venom.
 15997 | Lair:3   | 15997 ||| DROPPING +1 war axe.
 16207 | Lair:3   | 16207 ||| DROPPING +2 pair of gloves.
 16208 | Lair:3   | 16208 ||| READING scroll labelled BOUJUN WERIZ.
 16209 | Lair:3   | 16209 ||| DRINKING 2 fuming puce potions.
 16210 | Lair:3   | 16210 ||| READING 3 scrolls of identify.
 16210 | Lair:3   | 16210 ||| IDENTIFYING viscous blue potion
 16288 | Lair:4   | 16288 ||| Stepping ~*~*~tactically~*~*~ (stealth).
 16368 | Lair:4   | 16368 ||| INVOKING Heroism.
 16430 | Lair:4   | Found a staircase to the Slime Pits.
 16726 | Lair:4   | 16726 ||| INVOKING Heroism.
 17151 | Lair:4   | 17151 ||| DROPPING amulet of the acrobat.
 17176 | Lair:5   | Entered Level 5 of the Lair of Beasts
 17177 | Lair:5   | 17177 ||| Stepping ~*~*~tactically~*~*~ (hiding).
 17178 | Lair:5   | 17178 ||| Stepping ~*~*~tactically~*~*~ (hiding).
 17179 | Lair:5   | 17179 ||| INVOKING Heroism.
 17180 | Lair:5   | 17180 ||| SWAPPING to +0 morningstar.
 17181 | Lair:5   | 17181 ||| INVOKING Finesse.
 17184 | Lair:5   | 17184 ||| Stepping ~*~*~tactically~*~*~ (outnumbered).
 17185 | Lair:5   | 17185 ||| Stepping ~*~*~tactically~*~*~ (outnumbered).
 17186 | Lair:5   | 17186 ||| Stepping ~*~*~tactically~*~*~ (outnumbered).
 17187 | Lair:5   | 17187 ||| Stepping ~*~*~tactically~*~*~ (outnumbered).
 17192 | Lair:5   | 17192 ||| SWAPPING to +1 war axe of venom.
 17207 | Lair:5   | Received a gift from Okawaru
 17210 | Lair:5   | 17210 ||| Stepping ~*~*~tactically~*~*~ (stealth).
 17216 | Lair:5   | 17216 ||| INVOKING Heroism.
 17277 | Lair:5   | 17277 ||| FLEEEEING.
 17278 | Lair:5   | 17278 ||| FLEEEEING.
 17279 | Lair:5   | 17279 ||| FLEEEEING.
 17280 | Lair:5   | 17280 ||| FLEEEEING.
 17281 | Lair:5   | 17281 ||| FLEEEEING.
 17282 | Lair:5   | 17282 ||| STAIRDANCE
 17395 | Lair:5   | Found a runed translucent door.
 17396 | Lair:5   | Noticed a fire dragon
 17397 | Lair:5   | 17397 ||| INVOKING Heroism.
 17429 | Lair:5   | 17429 ||| Stepping ~*~*~tactically~*~*~ (stealth).
 17430 | Lair:5   | 17430 ||| Stepping ~*~*~tactically~*~*~ (stealth).
 17442 | Lair:5   | 17442 ||| FLEEEEING.
 17444 | Lair:5   | 17444 ||| FLEEEEING.
 17445 | Lair:5   | 17445 ||| INVOKING Heroism.
 17532 | Lair:5   | 17532 ||| INVOKING Heroism.
 17581 | Lair:5   | 17581 ||| INVOKING Heroism.
 17588 | Lair:5   | 17588 ||| Stepping ~*~*~tactically~*~*~ (stealth).
 17618 | Lair:5   | 17618 ||| Stepping ~*~*~tactically~*~*~ (stealth).
 17751 | Lair:5   | 17751 ||| Stepping ~*~*~tactically~*~*~ (stealth).
 17753 | Lair:5   | 17753 ||| Stepping ~*~*~tactically~*~*~ (stealth).
 17761 | Lair:5   | 17761 ||| INVOKING Heroism.
 17788 | Lair:5   | 17788 ||| Stepping ~*~*~tactically~*~*~ (stealth).
 17800 | Lair:5   | Identified the +4 plate armour of Rariguj {rPois Str+4}
                  | (Okawaru gifted it to you on level 5 of the Lair of Beasts)
 17800 | Lair:5   | Received a gift from Okawaru
 17813 | Lair:5   | Gained mutation: Your large and strong wings let you fly.
                  | [Gargoyle growth]
 17813 | Lair:5   | Reached XP level 14. HP: 67/90 MP: 21/21
 17824 | Lair:5   | 17824 ||| FLEEEEING.
 17829 | Lair:5   | 17829 ||| STAIRDANCE
 17902 | Lair:4   | 17902 ||| READING 4 scrolls of identify.
 17902 | Lair:4   | 17902 ||| IDENTIFYING brown potion
 17916 | Lair:5   | 17916 ||| Stepping ~*~*~tactically~*~*~ (stealth).
 17941 | Lair:5   | 17941 ||| Stepping ~*~*~tactically~*~*~ (hiding).
 17942 | Lair:5   | 17942 ||| Stepping ~*~*~tactically~*~*~ (hiding).
 17995 | Lair:5   | 17995 ||| Stepping ~*~*~tactically~*~*~ (stealth).
 17996 | Lair:5   | 17996 ||| Stepping ~*~*~tactically~*~*~ (stealth).
 17997 | Lair:5   | 17997 ||| Stepping ~*~*~tactically~*~*~ (stealth).
 18022 | Lair:5   | 18022 ||| Stepping ~*~*~tactically~*~*~ (stealth).
 18098 | Lair:5   | 18098 ||| Stepping ~*~*~tactically~*~*~ (stealth).
 18099 | Lair:5   | 18099 ||| Stepping ~*~*~tactically~*~*~ (stealth).
 18101 | Lair:5   | 18101 ||| Stepping ~*~*~tactically~*~*~ (stealth).
 18103 | Lair:5   | 18103 ||| Stepping ~*~*~tactically~*~*~ (stealth).
 18106 | Lair:5   | 18106 ||| INVOKING Heroism.
 18122 | Lair:5   | Reached skill level 3 in Throwing
 18141 | Lair:5   | 18141 ||| Stepping ~*~*~tactically~*~*~ (stealth).
 18177 | Lair:5   | 18177 ||| Stepping ~*~*~tactically~*~*~ (stealth).
 18181 | Lair:5   | 18181 ||| INVOKING Heroism.
 18223 | Lair:5   | 18223 ||| INVOKING Heroism.
 18224 | Lair:5   | 18224 ||| INVOKING Finesse.
 18230 | Lair:5   | 18230 ||| Stepping ~*~*~tactically~*~*~ (stealth).
 18233 | Lair:5   | Reached skill level 15 in Axes
 18234 | Lair:5   | 18234 ||| Stepping ~*~*~tactically~*~*~ (stealth).
 18267 | Lair:5   | 18267 ||| INVOKING Heroism.
 18331 | Lair:5   | 18331 ||| INVOKING Heroism.
 18464 | Lair:5   | 18464 ||| INVOKING Heroism.
 18465 | Lair:5   | 18465 ||| INVOKING Finesse.
 18602 | Lair:5   | 18602 ||| READING scroll of enchant weapon.
 18602 | Lair:5   | 18602 ||| ENCHANTING +1 war axe of venom.
 18644 | Lair:5   | 18644 ||| INVOKING Heroism.
 18645 | Lair:5   | 18645 ||| INVOKING Finesse.
 19088 | Lair:5   | 19088 ||| PLANNING D
 19250 | D:12     | 19250 ||| Stepping ~*~*~tactically~*~*~ (stealth).
 19260 | D:12     | 19260 ||| Stepping ~*~*~tactically~*~*~ (hiding).
 19262 | D:12     | 19262 ||| INVOKING Heroism.
 19286 | D:12     | 19286 ||| Stepping ~*~*~tactically~*~*~ (hiding).
 19296 | D:12     | Received a gift from Okawaru
 19299 | D:12     | Reached skill level 12 in Fighting
 19307 | D:12     | 19307 ||| INVOKING Heroism.
 19311 | D:12     | Received a gift from Okawaru
 19313 | D:12     | 19313 ||| INVOKING Finesse.
 19322 | D:12     | Noticed Azrael
 19340 | D:12     | Killed Azrael
 19354 | D:12     | 19354 ||| FLEEEEING.
 19355 | D:12     | 19355 ||| FLEEEEING.
 19356 | D:12     | 19356 ||| FLEEEEING.
 19357 | D:12     | 19357 ||| FLEEEEING.
 19359 | D:12     | 19359 ||| FLEEEEING.
 19360 | D:12     | 19360 ||| STAIRDANCE
 19602 | D:12     | Identified the -1 helmet "Hetsyow Son" {*Slow rC++ Str+2
                  | Int+4}
 19712 | D:12     | 19712 ||| Stepping ~*~*~tactically~*~*~ (stealth).
 19714 | D:12     | 19714 ||| Stepping ~*~*~tactically~*~*~ (hiding).
 19788 | D:12     | Noticed Frances
 19789 | D:12     | 19789 ||| Stepping ~*~*~tactically~*~*~ (stealth).
 19792 | D:12     | 19792 ||| Stepping ~*~*~tactically~*~*~ (stealth).
 19794 | D:12     | 19794 ||| INVOKING Heroism.
 19795 | D:12     | 19795 ||| INVOKING Finesse.
 19807 | D:12     | Killed Frances
 19845 | D:12     | 19845 ||| SWAPPING to +3 war axe of venom.
 19846 | D:12     | 19846 ||| DROPPING +2 war axe of venom.
 19909 | D:12     | Found a white marble altar of Elyvilon.
 19958 | D:12     | 19958 ||| INVOKING Heroism.
 19973 | D:12     | 19973 ||| Stepping ~*~*~tactically~*~*~ (stealth).
 19974 | D:12     | 19974 ||| Stepping ~*~*~tactically~*~*~ (stealth).
 19975 | D:12     | 19975 ||| Stepping ~*~*~tactically~*~*~ (stealth).
 20050 | D:12     | 20050 ||| INVOKING Heroism.
 20051 | D:12     | 20051 ||| INVOKING Finesse.
 20274 | D:12     | Reached XP level 15. HP: 85/96 MP: 22/22
 20284 | D:12     | 20284 ||| INVOKING Heroism.
 20453 | D:12     | Identified the +1 ring mail of the Constellations {Drain
                  | rCorr Dex+3}
 20454 | D:12     | 20454 ||| Stepping ~*~*~tactically~*~*~ (hiding).
 20459 | D:12     | 20459 ||| INVOKING Heroism.
 20827 | D:12     | 20827 ||| DROPPING +0 acid dragon scales.
 20903 | D:13     | 20903 ||| Stepping ~*~*~tactically~*~*~ (hiding).
 21071 | D:13     | Identified the +6 plate armour "Tofruoje" {rN+ Will+}
                  | (Okawaru gifted it to you on level 13 of the Dungeon)
 21071 | D:13     | Received a gift from Okawaru
 21177 | D:13     | 21177 ||| INVOKING Heroism.
 21178 | D:13     | 21178 ||| SWAPPING to +0 morningstar.
 21179 | D:13     | 21179 ||| INVOKING Finesse.
 21184 | D:13     | 21184 ||| SWAPPING to +3 war axe of venom.
 21237 | D:13     | Found a runed translucent gate.
 21237 | D:13     | Found a runed translucent gate.
 21237 | D:13     | Found a runed translucent gate.
 21237 | D:13     | Noticed Liimbo's ghost (journeyman FoWn)
 21237 | D:13     | Noticed Dirphi Vium's ghost (journeyman MiBe)
 21237 | D:13     | Noticed Buchaag's ghost (novice MiMo)
 21238 | D:13     | Noticed Kokhlaf's ghost (journeyman DECj)
 21238 | D:13     | Noticed Mebb's ghost (journeyman SpEn)
 21241 | D:13     | 21241 ||| Stepping ~*~*~tactically~*~*~ (hiding).
 21301 | D:13     | 21301 ||| INVOKING Heroism.
 21317 | D:13     | Reached skill level 6 in Dodging
 21583 | D:13     | 21583 ||| Stepping ~*~*~tactically~*~*~ (hiding).
 21584 | D:13     | 21584 ||| Stepping ~*~*~tactically~*~*~ (hiding).
 21601 | D:13     | 21601 ||| INVOKING Heroism.
 21751 | D:13     | 21751 ||| Stepping ~*~*~tactically~*~*~ (hiding).
 21883 | D:13     | 21883 ||| INVOKING Heroism.
 22022 | D:13     | 22022 ||| READING scroll labelled RAICYREIKI.
 22085 | D:14     | 22085 ||| Stepping ~*~*~tactically~*~*~ (hiding).
 22095 | D:14     | Reached skill level 12 in Armour
 22265 | D:14     | 22265 ||| Stepping ~*~*~tactically~*~*~ (hiding).
 22282 | D:14     | 22282 ||| Stepping ~*~*~tactically~*~*~ (hiding).
 22370 | D:14     | 22370 ||| INVOKING Heroism.
 22464 | D:14     | 22464 ||| INVOKING Heroism.
 22465 | D:14     | 22465 ||| INVOKING Finesse.
 22466 | D:14     | 22466 ||| SWAPPING to +0 morningstar.
 22477 | D:14     | 22477 ||| SWAPPING to +3 war axe of venom.
 22559 | D:14     | 22559 ||| Stepping ~*~*~tactically~*~*~ (hiding).
 22561 | D:14     | 22561 ||| Stepping ~*~*~tactically~*~*~ (hiding).
 22565 | D:14     | 22565 ||| INVOKING Heroism.
 22606 | D:14     | Received a gift from Okawaru
 22633 | D:14     | 22633 ||| Stepping ~*~*~tactically~*~*~ (hiding).
 22815 | D:14     | 22815 ||| INVOKING Heroism.
 22865 | D:14     | 22865 ||| INVOKING Heroism.
 22977 | D:14     | Found an opulent altar of Gozag.
 23097 | D:14     | Reached skill level 9 in Shields
 23142 | D:14     | 23142 ||| Stepping ~*~*~tactically~*~*~ (stealth).
 23143 | D:14     | 23143 ||| Stepping ~*~*~tactically~*~*~ (stealth).
 23240 | D:14     | Found a gate to the Vaults.
 23421 | D:14     | 23421 ||| UPGRADING to +2 buckler of resistance.
 23431 | D:14     | 23431 ||| DROPPING +0 buckler.
 23432 | D:14     | 23432 ||| UPGRADING to +6 ring of dexterity.
 23434 | D:14     | 23434 ||| DROPPING ring of positive energy.
 23470 | D:15     | Entered Level 15 of the Dungeon
 23477 | D:15     | Found a staircase to the Depths.
 23478 | D:15     | Noticed a fire giant
 23481 | D:15     | 23481 ||| INVOKING Heroism.
 23484 | D:15     | 23484 ||| INVOKING Finesse.
 23497 | D:15     | Killed a fire giant
 23565 | D:15     | 23565 ||| FLEEEEING.
 23566 | D:15     | 23566 ||| FLEEEEING.
 23567 | D:15     | 23567 ||| FLEEEEING.
 23568 | D:15     | 23568 ||| STAIRDANCE
 23764 | D:15     | Received a gift from Okawaru
 23765 | D:15     | 23765 ||| STAIRDANCE
 23864 | D:15     | 23864 ||| INVOKING Heroism.
 23865 | D:15     | 23865 ||| Stepping ~*~*~tactically~*~*~ (hiding).
 23873 | D:15     | 23873 ||| FLEEEEING.
 23874 | D:15     | 23874 ||| FLEEEEING.
 24164 | D:15     | Noticed Louise
 24165 | D:15     | 24165 ||| INVOKING Heroism.
 24166 | D:15     | 24166 ||| INVOKING Finesse.
 24188 | D:15     | Killed Louise
 24189 | D:15     | Reached skill level 6 in Throwing
 24229 | D:15     | 24229 ||| INVOKING Heroism.
 24230 | D:15     | 24230 ||| SWAPPING to +0 morningstar.
 24235 | D:15     | 24235 ||| SWAPPING to +3 war axe of venom.
 24261 | D:15     | 24261 ||| Stepping ~*~*~tactically~*~*~ (hiding).
 24262 | D:15     | 24262 ||| Stepping ~*~*~tactically~*~*~ (hiding).
 24266 | D:15     | 24266 ||| Stepping ~*~*~tactically~*~*~ (hiding).
 24313 | D:15     | 24313 ||| Stepping ~*~*~tactically~*~*~ (stealth).
 24638 | D:15     | 24638 ||| PLANNING ORC
 24638 | D:15     | 24638 ||| DROPPING scarf of shadows.
 24639 | D:15     | 24639 ||| UPGRADING to +0 tower shield.
 24649 | D:15     | 24649 ||| DROPPING +2 buckler of resistance.
 24650 | D:15     | 24650 ||| UPGRADING to ring of protection from fire.
 24760 | Orc:1    | Entered Level 1 of the Orcish Mines
 24766 | Orc:1    | 24766 ||| INVOKING Heroism.
 24767 | Orc:1    | 24767 ||| INVOKING Finesse.
 24855 | Orc:1    | 24855 ||| INVOKING Heroism.
 24871 | Orc:1    | Reached XP level 16. HP: 104/104 MP: 23/23
 24904 | Orc:1    | 24904 ||| Stepping ~*~*~tactically~*~*~ (hiding).
 24908 | Orc:1    | 24908 ||| INVOKING Heroism.
 25196 | Orc:2    | Entered Level 2 of the Orcish Mines
 25196 | Orc:2    | Noticed Nessos
 25197 | Orc:2    | 25197 ||| STAIRDANCE
 25252 | Orc:2    | Found a staircase to the Elven Halls.
 25262 | Orc:2    | 25262 ||| INVOKING Heroism.
 25265 | Orc:2    | Found Vilonkoy's Antique Armour Boutique.
 25307 | Orc:2    | 25307 ||| INVOKING Heroism.
 25455 | Orc:2    | Found Foepry's Book Emporium.
 25455 | Orc:2    | Found Umnub's Armour Shop.
 25455 | Orc:2    | Found Uhiset's Distillery.
 25464 | Orc:2    | 25464 ||| BUYING potion of curing (45 gold).
 25464 | Orc:2    | Bought a potion of curing for 45 gold pieces
 25464 | Orc:2    | 25464 ||| BUYING potion of curing (45 gold).
 25464 | Orc:2    | Bought a potion of curing for 45 gold pieces
 25464 | Orc:2    | 25464 ||| BUYING potion of heal wounds (75 gold).
 25464 | Orc:2    | Bought a potion of heal wounds for 75 gold pieces
 25464 | Orc:2    | 25464 ||| BUYING potion of lignification (45 gold).
 25464 | Orc:2    | Bought a potion of lignification for 45 gold pieces
 25464 | Orc:2    | 25464 ||| BUYING potion of might (60 gold).
 25464 | Orc:2    | Bought a potion of might for 60 gold pieces
 25473 | Orc:2    | 25473 ||| Stepping ~*~*~tactically~*~*~ (stealth).
 25515 | Orc:2    | Found Mimusaul's Armour Shoppe.
 25530 | Orc:2    | Reached skill level 12 in Shields
 25597 | Orc:2    | 25597 ||| INVOKING Heroism.
 25602 | Orc:2    | 25602 ||| Stepping ~*~*~tactically~*~*~ (hiding).
 25827 | Orc:2    | 25827 ||| INVOKING Finesse.
 25833 | Orc:2    | Killed Nessos
 25833 | Orc:2    | Received a gift from Okawaru
 25979 | Orc:2    | 25979 ||| INVOKING Heroism.
 26037 | Orc:1    | 26037 ||| INVOKING Heroism.
 26041 | Orc:1    | 26041 ||| Stepping ~*~*~tactically~*~*~ (stealth).
 26042 | Orc:1    | 26042 ||| Stepping ~*~*~tactically~*~*~ (stealth).
 26043 | Orc:1    | 26043 ||| Stepping ~*~*~tactically~*~*~ (stealth).
 26044 | Orc:1    | 26044 ||| Stepping ~*~*~tactically~*~*~ (stealth).
 26049 | Orc:1    | 26049 ||| Stepping ~*~*~tactically~*~*~ (stealth).
 26080 | Orc:1    | 26080 ||| PLANNING SHOALS:1-3
 26264 | Shoals:1 | Entered Level 1 of the Shoals
 26425 | Shoals:1 | 26425 ||| Stepping ~*~*~tactically~*~*~ (stealth).
 26429 | Shoals:1 | 26429 ||| Stepping ~*~*~tactically~*~*~ (stealth).
 26446 | Shoals:1 | 26446 ||| READING scroll of enchant weapon.
 26446 | Shoals:1 | 26446 ||| ENCHANTING +3 war axe of venom.
 26472 | Shoals:1 | 26472 ||| INVOKING Heroism.
 26521 | Shoals:1 | 26521 ||| Stepping ~*~*~tactically~*~*~ (hiding).
 26527 | Shoals:1 | 26527 ||| INVOKING Heroism.
 26555 | Shoals:1 | 26555 ||| Stepping ~*~*~tactically~*~*~ (stealth).
 26557 | Shoals:1 | 26557 ||| Stepping ~*~*~tactically~*~*~ (hiding).
 26559 | Shoals:1 | 26559 ||| Stepping ~*~*~tactically~*~*~ (hiding).
 26568 | Shoals:1 | Received a gift from Okawaru
 26600 | Shoals:1 | 26600 ||| Stepping ~*~*~tactically~*~*~ (stealth).
 26603 | Shoals:1 | 26603 ||| Stepping ~*~*~tactically~*~*~ (stealth).
 26612 | Shoals:1 | 26612 ||| Stepping ~*~*~tactically~*~*~ (stealth).
 26651 | Shoals:1 | 26651 ||| Stepping ~*~*~tactically~*~*~ (stealth).
 26652 | Shoals:1 | 26652 ||| Stepping ~*~*~tactically~*~*~ (stealth).
 26654 | Shoals:1 | 26654 ||| Stepping ~*~*~tactically~*~*~ (hiding).
 26655 | Shoals:1 | 26655 ||| Stepping ~*~*~tactically~*~*~ (hiding).
 26787 | Shoals:1 | 26787 ||| INVOKING Heroism.
 26788 | Shoals:1 | 26788 ||| INVOKING Finesse.
 27035 | Shoals:1 | 27035 ||| Stepping ~*~*~tactically~*~*~ (hiding).
 27153 | Shoals:1 | Found a runed translucent gate.
 27154 | Shoals:1 | Found a runed translucent gate.
 27155 | Shoals:1 | Found a runed translucent gate.
 27157 | Shoals:1 | Noticed Heezod's ghost (journeyman MiBe)
 27159 | Shoals:1 | 27159 ||| INVOKING Heroism.
 27197 | Shoals:1 | 27197 ||| Stepping ~*~*~tactically~*~*~ (hiding).
 27198 | Shoals:1 | 27198 ||| Stepping ~*~*~tactically~*~*~ (hiding).
 27371 | Shoals:1 | 27371 ||| DROPPING scarf of harm.
 27372 | Shoals:1 | 27372 ||| DRINKING 2 viscous dark potions.
 27373 | Shoals:1 | 27373 ||| DROPPING potion of invisibility.
 27390 | Shoals:2 | 27390 ||| INVOKING Heroism.
 27410 | Shoals:2 | 27410 ||| Stepping ~*~*~tactically~*~*~ (stealth).
 27525 | Shoals:2 | 27525 ||| INVOKING Heroism.
 27526 | Shoals:2 | 27526 ||| INVOKING Finesse.
 27588 | Shoals:2 | 27588 ||| INVOKING Heroism.
 27697 | Shoals:2 | 27697 ||| INVOKING Heroism.
 27835 | Shoals:2 | 27835 ||| INVOKING Heroism.
 28005 | Shoals:2 | 28005 ||| Stepping ~*~*~tactically~*~*~ (hiding).
 28008 | Shoals:2 | 28008 ||| Stepping ~*~*~tactically~*~*~ (hiding).
 28013 | Shoals:2 | 28013 ||| INVOKING Heroism.
 28205 | Shoals:2 | 28205 ||| INVOKING Heroism.
 28213 | Shoals:2 | Reached skill level 15 in Shields
 28583 | Shoals:2 | 28583 ||| DROPPING +6 ring of intelligence.
 28607 | Shoals:3 | 28607 ||| INVOKING Heroism.
 28730 | Shoals:3 | 28730 ||| Stepping ~*~*~tactically~*~*~ (hiding).
 28824 | Shoals:3 | 28824 ||| INVOKING Heroism.
 28833 | Shoals:3 | Reached XP level 17. HP: 61/108 MP: 22/24
 29009 | Shoals:3 | 29009 ||| INVOKING Heroism.
 29017 | Shoals:3 | Noticed Ilsuiw
 29071 | Shoals:3 | Killed Ilsuiw
 29347 | Shoals:3 | 29347 ||| INVOKING Heroism.
 29424 | Shoals:3 | 29424 ||| SWAPPING to +0 broad axe of freezing.
 29425 | Shoals:3 | 29425 ||| DROPPING +4 war axe of venom.
 29502 | Shoals:3 | 29502 ||| INVOKING Heroism.
 29563 | Shoals:3 | 29563 ||| INVOKING Heroism.
 29627 | Shoals:3 | 29627 ||| INVOKING Heroism.
 29931 | Shoals:3 | 29931 ||| PLANNING SNAKE:1-3
 30043 | Snake:1  | Entered Level 1 of the Snake Pit
 30049 | Snake:1  | 30049 ||| INVOKING Heroism.
 30158 | Snake:1  | 30158 ||| INVOKING Heroism.
 30247 | Snake:1  | 30247 ||| Stepping ~*~*~tactically~*~*~ (hiding).
 30274 | Snake:1  | 30274 ||| Stepping ~*~*~tactically~*~*~ (hiding).
 30275 | Snake:1  | 30275 ||| Stepping ~*~*~tactically~*~*~ (hiding).
 30278 | Snake:1  | 30278 ||| Stepping ~*~*~tactically~*~*~ (hiding).
 30310 | Snake:1  | 30310 ||| Stepping ~*~*~tactically~*~*~ (stealth).
 30311 | Snake:1  | 30311 ||| Stepping ~*~*~tactically~*~*~ (stealth).
 30320 | Snake:1  | Received a gift from Okawaru
 30345 | Snake:1  | 30345 ||| Stepping ~*~*~tactically~*~*~ (hiding).
 30760 | Snake:1  | 30760 ||| Stepping ~*~*~tactically~*~*~ (hiding).
 30761 | Snake:1  | 30761 ||| Stepping ~*~*~tactically~*~*~ (hiding).
 30907 | Snake:1  | 30907 ||| Stepping ~*~*~tactically~*~*~ (hiding).
 30913 | Snake:1  | 30913 ||| INVOKING Heroism.
 31116 | Snake:1  | 31116 ||| Stepping ~*~*~tactically~*~*~ (hiding).
 31172 | Snake:1  | 31172 ||| Stepping ~*~*~tactically~*~*~ (hiding).
 31414 | Snake:1  | 31414 ||| DROPPING +0 pair of boots of flying.
 31427 | Snake:2  | 31427 ||| Stepping ~*~*~tactically~*~*~ (hiding).
 31445 | Snake:2  | 31445 ||| Stepping ~*~*~tactically~*~*~ (hiding).
 31497 | Snake:2  | 31497 ||| INVOKING Heroism.
 31664 | Snake:2  | 31664 ||| Stepping ~*~*~tactically~*~*~ (hiding).
 31668 | Snake:2  | 31668 ||| INVOKING Heroism.
 31715 | Snake:2  | 31715 ||| Stepping ~*~*~tactically~*~*~ (hiding).
 31790 | Snake:2  | Found a runed translucent door.
 31790 | Snake:2  | Noticed TuffENuff's ghost (adept FoFi)
 31791 | Snake:2  | 31791 ||| Stepping ~*~*~tactically~*~*~ (stealth).
 31792 | Snake:2  | 31792 ||| Stepping ~*~*~tactically~*~*~ (stealth).
 31793 | Snake:2  | 31793 ||| Stepping ~*~*~tactically~*~*~ (stealth).
 31899 | Snake:2  | 31899 ||| UPGRADING to +4 ring of protection.
 31901 | Snake:2  | 31901 ||| DROPPING +6 ring of dexterity.
 31922 | Snake:3  | 31922 ||| INVOKING Heroism.
 31955 | Snake:3  | Found an iron altar of Okawaru.
 32007 | Snake:3  | 32007 ||| INVOKING Heroism.
 32068 | Snake:3  | 32068 ||| READING scroll of enchant weapon.
 32068 | Snake:3  | 32068 ||| ENCHANTING +0 broad axe of freezing.
 32190 | Snake:3  | 32190 ||| INVOKING Heroism.
 32211 | Snake:3  | 32211 ||| INVOKING Heroism.
 32319 | Snake:3  | 32319 ||| Stepping ~*~*~tactically~*~*~ (stealth).
 32321 | Snake:3  | 32321 ||| Stepping ~*~*~tactically~*~*~ (stealth).
 32391 | Snake:3  | 32391 ||| INVOKING Heroism.
 32392 | Snake:3  | 32392 ||| INVOKING Finesse.
 32537 | Snake:3  | 32537 ||| INVOKING Heroism.
 32738 | Snake:3  | 32738 ||| Stepping ~*~*~tactically~*~*~ (stealth).
 32739 | Snake:3  | 32739 ||| Stepping ~*~*~tactically~*~*~ (stealth).
 32741 | Snake:3  | 32741 ||| INVOKING Heroism.
 32826 | Snake:3  | 32826 ||| Stepping ~*~*~tactically~*~*~ (hiding).
 32831 | Snake:3  | 32831 ||| Stepping ~*~*~tactically~*~*~ (hiding).
 32992 | Snake:3  | 32992 ||| Stepping ~*~*~tactically~*~*~ (hiding).
 33102 | Snake:3  | 33102 ||| FLEEEEING.
 33106 | Snake:3  | 33106 ||| FLEEEEING.
 33107 | Snake:3  | 33107 ||| FLEEEEING.
 33108 | Snake:3  | 33108 ||| FLEEEEING.
 33109 | Snake:3  | 33109 ||| FLEEEEING.
 33110 | Snake:3  | 33110 ||| FLEEEEING.
 33111 | Snake:3  | 33111 ||| FLEEEEING.
 33112 | Snake:3  | 33112 ||| FLEEEEING.
 33113 | Snake:3  | 33113 ||| FLEEEEING.
 33114 | Snake:3  | 33114 ||| FLEEEEING.
 33115 | Snake:3  | 33115 ||| FLEEEEING.
 33116 | Snake:3  | 33116 ||| FLEEEEING.
 33117 | Snake:3  | 33117 ||| FLEEEEING.
 33118 | Snake:3  | 33118 ||| FLEEEEING.
 33119 | Snake:3  | 33119 ||| FLEEEEING.
 33126 | Snake:3  | 33126 ||| FLEEEEING.
 33130 | Snake:3  | 33130 ||| FLEEEEING.
 33131 | Snake:3  | 33131 ||| FLEEEEING.
 33132 | Snake:3  | 33132 ||| FLEEEEING.
 33136 | Snake:3  | 33136 ||| STAIRDANCE
 33242 | Snake:2  | 33242 ||| DROPPING ring of willpower.
 33263 | Snake:3  | 33263 ||| INVOKING Heroism.
 33595 | Snake:3  | 33595 ||| PLANNING SHOALS:4
 33740 | Shoals:4 | Entered Level 4 of the Shoals
 33806 | Shoals:4 | 33806 ||| Stepping ~*~*~tactically~*~*~ (hiding).
 33905 | Shoals:4 | Identified the ring of Timasem {Wiz Int+2}
 34018 | Shoals:4 | 34018 ||| Stepping ~*~*~tactically~*~*~ (hiding).
 34019 | Shoals:4 | 34019 ||| INVOKING Heroism.
 34028 | Shoals:4 | 34028 ||| Stepping ~*~*~tactically~*~*~ (hiding).
 34072 | Shoals:4 | Reached XP level 18. HP: 52/114 MP: 25/25
 34081 | Shoals:4 | 34081 ||| INVOKING Heroism.
 34330 | Shoals:4 | 34330 ||| DROPPING +0 morningstar.
 34339 | Shoals:4 | Got a barnacled rune of Zot
 34417 | Shoals:4 | Noticed Polyphemus
 34418 | Shoals:4 | 34418 ||| INVOKING Heroism.
 34432 | Shoals:4 | Killed Polyphemus
 34534 | Shoals:4 | 34534 ||| Stepping ~*~*~tactically~*~*~ (hiding).
 34535 | Shoals:4 | 34535 ||| INVOKING Heroism.
 34537 | Shoals:4 | 34537 ||| INVOKING Finesse.
 34576 | Shoals:4 | Reached skill level 18 in Axes
 34614 | Shoals:4 | 34614 ||| Stepping ~*~*~tactically~*~*~ (hiding).
 34770 | Shoals:4 | 34770 ||| INVOKING Heroism.
 34817 | Shoals:4 | 34817 ||| Stepping ~*~*~tactically~*~*~ (hiding).
 34986 | Shoals:4 | 34986 ||| Stepping ~*~*~tactically~*~*~ (hiding).
 34987 | Shoals:4 | 34987 ||| Stepping ~*~*~tactically~*~*~ (hiding).
 34988 | Shoals:4 | 34988 ||| Stepping ~*~*~tactically~*~*~ (hiding).
 34989 | Shoals:4 | 34989 ||| Stepping ~*~*~tactically~*~*~ (hiding).
 34997 | Shoals:4 | 34997 ||| INVOKING Heroism.
 35100 | Shoals:4 | 35100 ||| INVOKING Heroism.
 35306 | Shoals:4 | 35306 ||| PLANNING VAULTS:1-4
 35559 | Vaults:1 | Entered Level 1 of the Vaults
 35561 | Vaults:1 | 35561 ||| Stepping ~*~*~tactically~*~*~ (stealth).
 35564 | Vaults:1 | 35564 ||| Stepping ~*~*~tactically~*~*~ (stealth).
 35565 | Vaults:1 | 35565 ||| Stepping ~*~*~tactically~*~*~ (stealth).
 35573 | Vaults:1 | 35573 ||| INVOKING Heroism.
 35682 | Vaults:1 | Found a portal to a secret trove of treasure.
 35872 | Vaults:1 | 35872 ||| Stepping ~*~*~tactically~*~*~ (hiding).
 35881 | Vaults:1 | 35881 ||| INVOKING Heroism.
 35882 | Vaults:1 | 35882 ||| INVOKING Finesse.
 35963 | Vaults:1 | 35963 ||| Stepping ~*~*~tactically~*~*~ (hiding).
 36165 | Vaults:1 | 36165 ||| DROPPING +1 war axe of flaming.
 36191 | Vaults:1 | 36191 ||| Stepping ~*~*~tactically~*~*~ (stealth).
 36194 | Vaults:1 | 36194 ||| Stepping ~*~*~tactically~*~*~ (stealth).
 36215 | Vaults:1 | 36215 ||| INVOKING Heroism.
 36233 | Vaults:1 | Received a gift from Okawaru
 36425 | Vaults:1 | Reached skill level 18 in Shields
 36496 | Vaults:1 | 36496 ||| INVOKING Heroism.
 36511 | Vaults:1 | Received a gift from Okawaru
 36618 | Vaults:1 | 36618 ||| Stepping ~*~*~tactically~*~*~ (stealth).
 36620 | Vaults:1 | 36620 ||| Stepping ~*~*~tactically~*~*~ (hiding).
 36644 | Vaults:1 | Found Kuetz's Weapon Boutique.
 36686 | Vaults:1 | 36686 ||| Stepping ~*~*~tactically~*~*~ (hiding).
 36687 | Vaults:1 | 36687 ||| Stepping ~*~*~tactically~*~*~ (hiding).
 36688 | Vaults:1 | 36688 ||| Stepping ~*~*~tactically~*~*~ (hiding).
 36691 | Vaults:1 | 36691 ||| DRINKING 19 potions of curing.
 36691 | Vaults:1 | 36691 ||| (to cure confusion)
 36891 | Vaults:2 | Found the +8 demon trident "Rift" {distort, reach+}
 37005 | Vaults:2 | 37005 ||| Stepping ~*~*~tactically~*~*~ (stealth).
 37048 | Vaults:2 | 37048 ||| Stepping ~*~*~tactically~*~*~ (stealth).
 37051 | Vaults:2 | 37051 ||| Stepping ~*~*~tactically~*~*~ (stealth).
 37064 | Vaults:2 | 37064 ||| Stepping ~*~*~tactically~*~*~ (stealth).
 37094 | Vaults:2 | 37094 ||| Stepping ~*~*~tactically~*~*~ (hiding).
 37097 | Vaults:2 | 37097 ||| Stepping ~*~*~tactically~*~*~ (stealth).
 37170 | Vaults:2 | 37170 ||| INVOKING Heroism.
 37177 | Vaults:2 | 37177 ||| Stepping ~*~*~tactically~*~*~ (hiding).
 37183 | Vaults:2 | 37183 ||| Stepping ~*~*~tactically~*~*~ (hiding).
 37188 | Vaults:2 | 37188 ||| Stepping ~*~*~tactically~*~*~ (hiding).
 37193 | Vaults:2 | Reached skill level 15 in Fighting
 37386 | Vaults:2 | 37386 ||| Stepping ~*~*~tactically~*~*~ (stealth).
 37395 | Vaults:2 | 37395 ||| Stepping ~*~*~tactically~*~*~ (stealth).
 37512 | Vaults:2 | 37512 ||| INVOKING Heroism.
 37654 | Vaults:2 | 37654 ||| INVOKING Heroism.
 37655 | Vaults:2 | Reached XP level 19. HP: 124/124 MP: 23/26
 37775 | Vaults:2 | Noticed Nikola
 37776 | Vaults:2 | 37776 ||| INVOKING Heroism.
 37777 | Vaults:2 | 37777 ||| INVOKING Finesse.
 37802 | Vaults:2 | Killed from afar by Nikola

Levels and vault maps discovered:
D:1:      saegor_arrival_simple_a, layout_rooms, serial_shops, shop,
          ebering_dispersal_statue_hall, st_stairs_3
D:2:      layout_loops_corners, serial_forest, infiniplex_forest_lined_room_2,
          infiniplex_forest_zigzag_2, infiniplex_forest_lined_2,
          infiniplex_forest_straight_4, infiniplex_forest_clump_curved,
          infiniplex_forest_straight_2, infiniplex_forest_end_2,
          infiniplex_forest_fountain, basic_altar, serial_shops,
          nicolae_shop_trees, nicolae_shop_waterfront, shop, shop, shop,
          st_stairs_4, minmay_pentomino_p2
D:3:      cheibrodos_pilgrimage, layout_loops_ring, grunt_temple_overflow_open,
          jmf_multi_god_temple
D:4:      layout_rooms, kennysheep_generic_room_2
D:5:      layout_cave_pools, mainiacjoe_overflow_24_doors,
          nicolae_hepliaklqana_hazy_memory
D:6:      layout_basic, uniq_crazy_yiuf_cottage
D:7:      minmay_klotski, layout_gridville, minmay_temple_entry_overgrown
D:8:      layout_basic, minmay_misc_feat_four_crosses, uniq_maurice
D:9:      layout_rooms, onia_ninara_dug_in_and_dangerous
D:10:     layout_grid_maze, mainiacjoe_overflow_alcove_4, orc_0_dummy,
          nicolae_shop_sticking_my_neck_out, uniq_grum
D:11:     layout_stronghold, david_lair_shrubbed, serial_shops, shop, shop,
          nicolae_shop_bloodbath_and_beyond, shop, minivault_11
D:12:     minmay_the_grid_triangle_9x9_recursive_2
          [minmay_the_grid_triangle_9x9_prize_schism,
          minmay_the_grid_triangle_9x9_steps,
          minmay_the_grid_triangle_9x9_skeleton,
          minmay_the_grid_triangle_9x9_semitri], layout_loops_ring,
          serial_demonic, serial_demonic_b, serial_demonic_f, serial_demonic_g,
          serial_demonic_a, nicolae_elyvilon_temple_path, uniq_azrael,
          uniq_frances
D:13:     layout_roguey, serial_corexii_hall, corexii_hall_statues_deadend,
          chequers_hall_statues_corner_a, gammafunk_ghost_cemetery
D:14:     layout_basic, hangedman_vaults_entry_quadrant_bands,
          nicolae_gozag_cash_rules_everything_around_me, nicolae_lava_and_water,
          kennysheep_generic_room_14
D:15:     grunt_enter_depths_giant_problem, layout_loops_ring, uniq_louise
Temple:   compressed_dpeg_circular_temple
Lair:1:   layout_chaotic_city, beast_lair_carwin_4
Lair:2:   layout_small_grid, beast_lair_carwin_10
Lair:3:   layout_gridlike, elwin_shoals_entry_rocks, dummy_snake_entry,
          serial_bayou_shore_b, infiniplex_staircase_pool_2, lemuel_fruit_tree
Lair:4:   layout_cave_pods, nicolae_slime_entry_slimehenge, grunt_megastairs_4,
          infiniplex_staircase_pool
Lair:5:   hangedman_lair_tendril_chambers, layout_loops_ring, wormcave
Shoals:1: layout_shoals, gammafunk_ghost_necromancy
Shoals:2: layout_shoals
Shoals:3: layout_shoals, uniq_ilsuiw
Shoals:4: shoals_end_grunt_ice, layout_shoals, uniq_polyphemus
Snake:1:  layout_layer_cave, serial_bayou_shore_a
Snake:2:  layout_onion_interference, ebering_ghost_inner_flame
Snake:3:  dpeg_oklob_gauntlet, layout_chambers, basic_altar
Orc:1:    layout_diamond_mine, basic_altar
Orc:2:    st_orc_ogre_mass, layout_caves, serial_shops, shop, uniq_nessos
Vaults:1: ontoclasm_vaults_ligature, vaults_room_grid, serial_ice_b, v_misc_15,
          vaults_room_boxed, vaults_dpeg_emergency_exit, v_pattern_2,
          vaults_room_door_ring, nicolae_vaults_ninety_degrees, v_misc_4,
          layout_vaults_maze_snakey, nicolae_trove_entry_diagonal, serial_shops,
          shop
Vaults:2: v_alt_pattern_2, nicolae_vaults_network_periphery,
          minmay_crypt_entry_necro_gods, ontoclasm_vaults_ring_small,
          ontoclasm_vaults_idyll, vaults_mumra_hexcomb, ontoclasm_vaults_hangar,
          nicolae_vaults_little_squares_2, layout_vaults_omnigrid, serial_shops,
          nicolae_shop_waterfront, uniq_nikola

Skill      XL: |  1  2  3  4  5  6  7  8  9 10 11 12 13 14 15 16 17 18 |
---------------+-------------------------------------------------------+-----
Axes           | 2 3 4 5 6 7 8 10 11 12 14 15 16 17 18 | 18.0
Fighting       | 4 5 6 7 9 10 11 12 13 15 | 15.0
Dodging        | 1 2 3 4 5 7 |  7.0
Throwing       | 1 2 5 6 7 8 |  8.0
Armour         | 4 5 6 8 9 10 11 12 13 | 13.5
Shields        | 4 5 6 7 9 15 17 18 | 18.0
Invocations    | 1 4 6 10 | 10.0

Action                   |  1- 3 |  4- 6 |  7- 9 | 10-12 | 13-15 | 16-18 | 19-21 || total
-------------------------+-------+-------+-------+-------+-------+-------+-------++-------
Melee: War axe           |   133 |   169 |   254 |   571 |  1047 |   573 |       ||  2747
       Kick              |       |       |    61 |       |       |       |       ||    61
       Peck              |       |       |    42 |   135 |   331 |   466 |    15 ||   989
       Morningstar       |       |       |       |       |    23 |       |       ||    23
       Broad axe         |       |       |       |       |       |   931 |    42 ||   973
Throw: Boomerang         |       |    25 |    62 |   118 |    57 |    39 |       ||   301
       Javelin           |       |       |       |       |    31 |    68 |       ||    99
Invok: Heroism           |       |       |       |    33 |    41 |    51 |     1 ||   126
       Finesse           |       |       |       |       |    12 |     6 |     1 ||    19
  Use: Scroll            |     2 |     4 |    11 |     5 |     6 |     2 |       ||    30
       Potion            |     1 |       |     3 |     1 |     1 |     2 |       ||     8
 Stab: Invisible         |       |       |       |       |       |     3 |       ||     3
       Petrifying        |       |       |       |       |       |     4 |       ||     4
       Petrified         |       |       |       |       |       |     1 |       ||     1
Armor: Scale mail        |    15 |       |       |       |       |       |       ||    15
       Chain mail        |    79 |    78 |   119 |   167 |       |       |       ||   443
       Plate armour      |       |       |       |    16 |   310 |   352 |     1 ||   679
Dodge: Dodged            |    73 |   105 |   113 |   286 |   394 |   374 |    12 ||  1357
Block: Buckler           |    25 |    33 |    47 |   249 |   475 |       |       ||   829
       Reflection        |       |       |       |     2 |    36 |   142 |     5 ||   185
       Tower shield      |       |       |       |       |    38 |  1493 |    35 ||  1566

Table legend:
 A = Non-vault XP
 B = Vault XP
 C = Vault XP percentage of total XP
 D = Non-vault monster count
 E = Vault monster count
 F = Vault count percentage of total count
                 A         B        C        D         E       F
            +---------+---------+-------+---------+---------+-------
      Total |  200955 |  119201 |  37.2 |     662 |     282 |  29.9
            +---------+---------+-------+---------+---------+-------
        D:1 |      28 |       4 |  12.5 |      17 |       2 |  10.5
        D:2 |      62 |      58 |  48.3 |      21 |       5 |  19.2
        D:3 |      87 |     180 |  67.4 |      21 |       7 |  25.0
        D:4 |     622 |       8 |   1.3 |      26 |       3 |  10.3
        D:5 |     395 |       0 |   0.0 |      12 |       0 |   0.0
        D:6 |    1360 |       0 |   0.0 |      18 |       0 |   0.0
        D:7 |     748 |    2257 |  75.1 |      14 |      13 |  48.1
        D:8 |     708 |     445 |  38.6 |      12 |       1 |   7.7
        D:9 |    2449 |       0 |   0.0 |      34 |       0 |   0.0
       D:10 |     867 |     550 |  38.8 |       6 |       4 |  40.0
       D:11 |    5774 |     383 |   6.2 |      16 |       1 |   5.9
       D:12 |    2991 |   15479 |  83.8 |       9 |      35 |  79.5
       D:13 |   11553 |       0 |   0.0 |      23 |       0 |   0.0
       D:14 |   11278 |    6195 |  35.5 |      19 |      19 |  50.0
       D:15 |    7310 |    2535 |  25.7 |      17 |       2 |  10.5
     Lair:1 |    4669 |     822 |  15.0 |      21 |       7 |  25.0
     Lair:2 |    4424 |    1130 |  20.3 |      18 |       8 |  30.8
     Lair:3 |   12021 |       0 |   0.0 |      46 |       0 |   0.0
     Lair:4 |    1821 |       8 |   0.4 |       6 |       4 |  40.0
     Lair:5 |   12032 |   15814 |  56.8 |      25 |      53 |  67.9
   Shoals:1 |   12008 |       0 |   0.0 |      28 |       0 |   0.0
   Shoals:2 |   16939 |       0 |   0.0 |      36 |       0 |   0.0
   Shoals:3 |   11528 |    4109 |  26.3 |      24 |       5 |  17.2
   Shoals:4 |    7231 |   29350 |  80.2 |      13 |      42 |  76.4
    Snake:1 |   15037 |       0 |   0.0 |      35 |       0 |   0.0
    Snake:2 |    9427 |       0 |   0.0 |      16 |       0 |   0.0
    Snake:3 |   15334 |    1695 |  10.0 |      28 |       3 |   9.7
      Orc:1 |    4478 |       0 |   0.0 |      37 |       0 |   0.0
      Orc:2 |    1773 |   15671 |  89.8 |      22 |      34 |  60.7
   Vaults:1 |    7569 |   18480 |  70.9 |      10 |      27 |  73.0
   Vaults:2 |   18432 |    4028 |  17.9 |      32 |       7 |  17.9
            +---------+---------+-------+---------+---------+-------
